Workbook
Name e: #REF!
Name LISTA_MA: #REF!
Name LISTA_MA: #REF!
Name PRESTACIONES: '[1]CONCRETO 175'!$D$5
Name SUBA: '[2]SUB APU'!$A:$D

Sheet CADENA DE VALOR
A1: ACTVIDADES | D1: ADMINISTRACION | F1: COSTO TOTAL | G1: CADENA DE VALOR
A2: PRELIMINARES | B2: =+'PRESUPUESTO ESTUFA'!G14 -> 1675550 | C2: =B2*G2 -> 3228587972875 | D2: =B2*15% -> 251332.5 | E2: =B2+D2 -> 1926882.5 | F2: =C2+D2 -> 3.2285882e+12 | G2: =B2+D2 -> 1926882.5
A3: SUMINISTRO E INSTALACION | B3: =+'PRESUPUESTO ESTUFA'!G23 -> 165927371 | C3: =B3*G2 -> 3.1972255e+14 | D3: =B3*15% -> 24889106 | E3: =B3+D3 -> 1.9081648e+08 | F3: =C3+D3 -> 3.1972257e+14 | G3: =B3+D3 -> 1.9081648e+08
A4: IMPLEMENTACION HUERTO LEÑERO | B4: =+'PRESUPUESTO ESTUFA'!G29 -> 17578250 | C4: =B4*G2 -> 33871222305625 | D4: =B4*15% -> 2636737.5 | E4: =B4+D4 -> 20214988 | F4: =C4+D4 -> 3.3871225e+13 | G4: =B4+D4 -> 20214988
A5: TALLERES | B5: =+'PRESUPUESTO ESTUFA'!G33 -> 16548000 | C5: =B5*G2 -> 31886051610000 | D5: =B5*15% -> 2482200 | E5: =B5+D5 -> 19030200 | F5: =C5+D5 -> 31886054092200 | G5: =B5+D5 -> 19030200
A6: MEJORAMIENTO DE SENDEROS | B6: =+'PRESUPUESTO ESTUFA'!G42 -> 61892108 | D6: 29290725 | G6: =B6+D6 -> 91182833
B7: =SUM(B2:B6) -> 2.6362128e+08 | C7: =SUM(C1:C5) -> 3.8870841e+14 | D7: =SUM(D2:D6) -> 59550101 | E7: =SUM(E2:E5) -> 2.3198855e+08 | F7: =SUM(F2:F5) -> 3.8870844e+14 | G7: =SUM(G2:G6) -> 3.2317138e+08
A8: SUPERVISION | B8: =B7*8% -> 21089702 | E8: =E7+B8 -> 2.5307825e+08 | G8: =G7+B8 -> 3.4426108e+08
F9: =F7+B8 -> 3.8870846e+14 | G9: 471953878

Sheet PRESUPUESTO ESTUFA
B2: PRESUPUESTO GENERAL
B5: MUNICIPIO DE LA VIRGINIA - RISARALDA
B6: IMPLEMENTACIÓN DE ACCIONES DE CONSERVACIÓN, PRODUCCCIÓN SOSTENIBLE Y CONSUMO RESPONSABLE EN AREAS DE INTERES AMBIENTAL DEL D.M.I GUASIMO EN EL MUNICIPIO DE LA VIRGINIA
G7: =#REF!/#REF! -> #REF!
F8: VALOR TOTAL
B10: ITEM | C10: DESCRIPCION | D10: UNID. | E10: CANTIDAD | F10: V. UNITARIO | G10: V. TOTAL
B11: A | C11: PRELIMINARES
B12: A1.1 | C12: =+'UNITARIOS PROYECTO OK'!B7 -> Localización y Replanteo | D12: M2 | E12: 50 | F12: =+'UNITARIOS PROYECTO OK'!H29 -> 12466 | G12: =+F12*E12 -> 623300
B13: A1.2 | C13: Geolocalizacion del sitio, localizacion y replanteo | D13: UND | E13: 50 | F13: =+'UNITARIOS PROYECTO OK'!H61 -> 21045 | G13: =+F13*E13 -> 1052250
B14: SUB TOTAL | G14: =+SUM(G12:G13) -> 1675550
B15: B | C15: SUMINISTRO E INSTALACION ESTUFA FIJA
B16: B1.1 | C16: Preparacion del terreno manualmente incluye demoliciones de estructuras existentes | D16: M2 | E16: 50 | F16: =+'ANALISIS PRECIOS UNITARIOS '!F16 -> 136039 | G16: =+F16*E16 -> 6801950
B17: B1.2 | C17: Construcción piso en concreto espesor 8 cms | D17: M2 | E17: 50 | F17: =+'ANALISIS PRECIOS UNITARIOS '!F5 -> 95875 | G17: =+F17*E17 -> 4793750
B18: B1.3 | C18: Suministro e instalación de ladrillo tipo bocadillo, Liviano de 5x10x20 cm | D18: M2 | E18: 75.5 | F18: =+'UNITARIOS PROYECTO OK'!H92 -> 234172 | G18: =+F18*E18 -> 17679986
B19: B1.4 | C19: Mampostería ladrillo adobe macizo de 5x10x20 cm | D19: M2 | E19: 40 | F19: =+'UNITARIOS PROYECTO OK'!H124 -> 144825 | G19: =+F19*E19 -> 5793000
B20: B1.5 | C20: Mampostería ladrillo tipo farol de 10x20x40 cm 3 huecos | D20: M2 | E20: 79 | F20: =+'UNITARIOS PROYECTO OK'!H158 -> 70290 | G20: =+F20*E20 -> 5552910
B21: B1.6 | C21: Suministro e Instalación de vitrificado | D21: M2 | E21: 25 | F21: =+'UNITARIOS PROYECTO OK'!H192 -> 98563 | G21: =+F21*E21 -> 2464075
B22: B1.7 | C22: Suministro e Instalación KIT de Herrajes | D22: UND | E22: 50 | F22: =+'UNITARIOS PROYECTO OK'!H233 -> 2456834 | G22: =+F22*E22 -> 122841700
B23: SUB TOTAL | G23: =SUM(G16:G22) -> 165927371
B24: C | C24: IMPLEMENTACION HUERTO LEÑERO
B25: C1.1 | C25: Material Vegetal - Plantulas | D25: UND | E25: 1000 | F25: =+'ANALISIS PRECIOS UNITARIOS '!F69 -> 9401 | G25: =+F25*E25 -> 9401000
B26: C1.2 | C26: Elementos Mayores | D26: KG | E26: 50 | F26: =+'ESTUDIO DE MERCADO'!F5 -> 17900 | G26: =+F26*E26 -> 895000
B27: C1.3 | C27: Elementos Menores | D27: KG | E27: 50 | F27: =+'ESTUDIO DE MERCADO'!F6 -> 29900 | G27: =+F27*E27 -> 1495000
B28: C1.4 | C28: Control Hormiga | D28: KG | E28: 50 | F28: =+'ESTUDIO DE MERCADO'!F7 -> 115745 | G28: =+F28*E28 -> 5787250
B29: SUB TOTAL | G29: =+SUM(G25:G28) -> 17578250
B30: D | C30: TALLERES
B31: D.1.1 | C31: Capacitación para la operación y mantenimiento de la estufa ecoeficiente (Manual ) | D31: UND | E31: 50 | F31: =+'UNITARIOS PROYECTO OK'!H260 -> 210000 | G31: =+F31*E31 -> 10500000
B32: D.1.2 | C32: Manejo y mantenimiento de la estufa eficiente | D32: Jornadas | E32: 80 | F32: =+'UNITARIOS PROYECTO OK'!H287 -> 75600 | G32: =+F32*E32 -> 6048000
B33: SUB TOTAL | G33: =SUM(G31:G32) -> 16548000
B34: E | C34: MEJORAMIENTO DE SENDEROS
B35: E.1.1 | C35: Poda y Desmonte | D35: UND | E35: 25 | F35: =+'ANALISIS PRECIOS UNITARIOS '!F22 -> 69212 | G35: =F35*E35 -> 1730300
B36: E.1.2 | C36: Recuperacion de caminos | D36: ML | E36: 106 | F36: =+'ANALISIS PRECIOS UNITARIOS '!F37 -> 219008 | G36: =F36*E36 -> 23214848
B37: E.1.3 | C37: Suministro e instalacion de pasamanos en madera | D37: ML | E37: 98 | F37: =+'ANALISIS PRECIOS UNITARIOS '!F29 -> 319792 | G37: =F37*E37 -> 31339616
B38: E.1.4 | C38: =+'ANALISIS PRECIOS UNITARIOS '!C45 -> Cerramiento provisional con señalizador y tela de cerramiento | D38: ML | E38: 65 | F38: =+'ANALISIS PRECIOS UNITARIOS '!F45 -> 10246 | G38: =F38*E38 -> 665990
B39: E.1.5 | C39: =+'ANALISIS PRECIOS UNITARIOS '!C61 -> Trinchos doble en guadua h libre = 1,00 m | D39: ML | E39: 12 | F39: =+'ANALISIS PRECIOS UNITARIOS '!F61 -> 172075 | G39: =F39*E39 -> 2064900
B40: E.1.6 | C40: =+'ANALISIS PRECIOS UNITARIOS '!C52 -> Barrera viva triple con vetiver, limoncillo, lirio y afines | D40: ML | E40: 12 | F40: =+'ANALISIS PRECIOS UNITARIOS '!F52 -> 140486 | G40: =F40*E40 -> 1685832
B41: E.1.7 | C41: =+'ANALISIS PRECIOS UNITARIOS '!C98 -> Lleno compactado con material transportado manual | D41: =+'ANALISIS PRECIOS UNITARIOS '!D98 -> M3 | E41: =+'MEMORIAS SENDEROS'!N232+'MEMORIAS SENDEROS'!N233 -> 39.2 | F41: =+'ANALISIS PRECIOS UNITARIOS '!F98 -> 30373 | G41: =F41*E41 -> 1190621.6
B42: SUB TOTAL | G42: =SUM(G35:G41) -> 61892108
B43: F | C43: TRANSPORTE DE MATERIALES AL SITIO
B44: F.1.1 | C44: =+'ANALISIS PRECIOS UNITARIOS '!C80 -> Transporte materiales a la vereda el aguacate en JEEP, incluye cargue y descargue | D44: =+'ANALISIS PRECIOS UNITARIOS '!D85 -> Viaje/Ton | E44: =+(('MEMORIAS SENDEROS'!P268)+('MEMORIAS DE CALCULO ESTUFAS '!P240))/1000 -> 80.140833 | F44: =+'ANALISIS PRECIOS UNITARIOS '!F85 -> 155689 | G44: =F44*E44 -> 12477046
B45: F.1.2 | C45: Transporte materiales a hombro (carga = 23 Kg/Km) | D45: Carga-Km | E45: =+((('MEMORIAS SENDEROS'!P268+'MEMORIAS DE CALCULO ESTUFAS '!P240))/23)*'ANALISIS TRANSPORTE A HOMBRO'!F69 -> 2892.7356 | F45: =+'ANALISIS PRECIOS UNITARIOS '!F91 -> 19589 | G45: =F45*E45 -> 56665799
B46: F.1.3 | C46: Disposición en botadero | D46: M3 | E46: 30.656444 | F46: =+'ANALISIS PRECIOS UNITARIOS '!F93 -> 6000 | G46: =F46*E46 -> 183938.66
B47: SUB TOTAL | G47: =SUM(G44:G46) -> 69326783
C48: SUB TOTAL COSTOS DIRECTOS | F48: =+C48 -> SUB TOTAL COSTOS DIRECTOS | G48: =+G14+G23+G29+G33+G42+G47 -> 3.3294806e+08 | K48: 4.7195388e+08
C49: ADMINISTRACIÓN | F49: 0.253 | G49: =+G48*F49 -> 84235860
C50: UTILIDAD | F50: 0.05 | G50: =+G48*F50 -> 16647403
C51: IVA SOBRE UTILIDAD | F51: 0.19 | G51: =+G50*F51 -> 3163006.6
C52: COSTO TOTAL | F52: =+C52 -> COSTO TOTAL | G52: =+G48+G49+G50+G51 -> 4.3699433e+08
C53: INTERVENTORIA | F53: 0.08 | G53: =+G52*F53 -> 34959547
C54: VALOR TOTAL | G54: =+G52+G53 -> 4.7195388e+08
C59: EDWARD ESTEBAN ALVAREZ BENJUMEA
C60: Secretario de Planeación Municipal

Sheet UNITARIOS PROYECTO OK
A2: MUNICIPIO: LA VIRGINIA RDA. | D2: ANÁLISIS DE PRECIOS UNITARIOS
D4: OCTUBRE 2024.
A6: PROYECTO: | B6: INSTALACIÓN DE ESTUFAS ECOEFICIENTES PARA VIVIENDA RURAL
A7: ACTIVIDAD: | B7: Localización y Replanteo | G7: ITEM: | H7: 1.1
G8: UNIDAD: | H8: M2
A9: I. EQUIPO
A10: Descripción | D10: Unidad | E10: Tarifa/Hora | F10: Rendimiento | G10: Valor-Unit.
A11: HERRAMIENTA MENOR | D11: % | E11: =H27 -> 11332.6 | F11: 0.1 | G11: =+E11*F11 -> 1133.26 | I11: ajustado rendimiento
G16: Sub-Total | H16: =SUM(G11:G15) -> 1133.26
A17: III. TRANSPORTES
C18: Vol. Peso o Cant. | D18: Distancia | E18: M3-Km | F18: Tarifa | G18: Valor-Unit.
G22: Sub-Total | H22: =SUM(G19:G21) -> 0
A23: IV. MANO DE OBRA
A24: Descripción | D24: Unidad | E24: Tarifa/Hora | F24: Rendimiento | G24: Valor-Unit.
A25: Cuadrilla AA 1Of+1Ay (Albañilería) | D25: HC | E25: =+'[3]ANÁLISIS MANO DE OBRA'!$F$49 -> 226652 | F25: 20 | G25: =E25/F25 -> 11332.6
G27: Sub-Total | H27: =SUM(G25:G26) -> 11332.6 | K27: =H27 -> 11332.6 | L27: 0.9 | M27: =K27*L27 -> 10199.34
E29: Total Costo Directo | H29: =ROUND(H16+H22+H27,0) -> 12466
A31: PROYECTO: | B31: INSTALACIÓN DE ESTUFAS ECOEFICIENTES PARA VIVIENDA RURAL
A32: ACTIVIDAD: | B32: =+'PRESUPUESTO ESTUFA'!C13 -> Geolocalizacion del sitio, localizacion y replanteo | G32: ITEM: | H32: A1.1
G33: UNIDAD: | H33: M2
A34: I. EQUIPO
A35: Descripción | D35: Unidad | E35: Tarifa/Hora | F35: Rendimiento | G35: Valor-Unit.
A36: HERRAMIENTA MENOR | D36: % | E36: 36200 | F36: 0.1 | G36: =+E36*F36 -> 3620 | I36: ajustado rendimiento
G41: Sub-Total | H41: =SUM(G36:G40) -> 3620
A42: II. MATERIALES EN OBRA
A43: Descripción | D43: Unidad | E43: Precio-Unit. | F43: Cantidad | G43: Valor-Unit.
G48: Sub-Total | H48: =SUM(G44:G46) -> 0
A49: III. TRANSPORTES | S49: =+S41*8 -> 0
C50: Vol. Peso o Cant. | D50: Distancia | E50: M3-Km | F50: Tarifa | G50: Valor-Unit.
G54: Sub-Total | H54: =SUM(G51:G53) -> 0
A55: IV. MANO DE OBRA
A56: Descripción | D56: Unidad | E56: Tarifa/Hora | F56: Rendimiento | G56: Valor-Unit.
A57: Tecnologo en obras Civiles | D57: JORNAL | E57: =+'[3]ANÁLISIS MANO DE OBRA'!$F$46 -> 261382 | F57: 15 | G57: =E57/F57 -> 17425.467
G59: Sub-Total | H59: =SUM(G57:G58) -> 17425.467 | K59: =H59 -> 17425.467 | L59: 0.9 | M59: =K59*L59 -> 15682.92
E61: Total Costo Directo | H61: =ROUND(H41+H54+H59,0) -> 21045
A62: PROYECTO: | B62: INSTALACIÓN DE ESTUFAS ECOEFICIENTES PARA VIVIENDA RURAL
A63: ACTIVIDAD: | B63: ='[4]PRESUPUESTO ESTUFA FIJA'!B10 -> Mampostería ladrillo tipo bocadillo, macizo liviano de 6x12x24 cm | G63: ITEM: | H63: 2.1
G64: UNIDAD: | H64: m2
A65: I. EQUIPO
A66: Descripción | D66: Unidad | E66: Tarifa/Hora | F66: Rendimiento | G66: Valor-Unit.
A67: HERRAMIENTA MENOR | D67: % | E67: =H90 -> 69816.938 | F67: 0.1 | G67: =+E67*F67 -> 6981.6938
G72: Sub-Total | H72: =+G67 -> 6981.6938
A73: II. MATERIALES EN OBRA
A74: Descripción | D74: Unidad | E74: Precio-Unit. | F74: Cantidad | G74: Valor-Unit.
A75: =+'PRESUPUESTO ESTUFA'!C18 -> Suministro e instalación de ladrillo tipo bocadillo, Liviano de 5x10x20 cm | D75: und | E75: 2128 | F75: =65*1.05 -> 68.25 | G75: =+E75*F75 -> 145236
A76: Mortero 1:4 In situ | D76: m3 | E76: 520639 | F76: =0.022*1.05 -> 0.0231 | G76: =+E76*F76 -> 12026.761 | I76: ajustado según APU's básicos
A77: Melaza (Miel de Purga) | D77: KG | E77: =2400 -> 2400 | F77: =2*F76 -> 0.0462 | G77: =+E77*F77 -> 110.88
G79: Sub-Total | H79: =SUM(G75:G77) -> 157373.64
A80: III. TRANSPORTES
C81: Vol. Peso ó Cant. | D81: Distancia | E81: M3-Km | F81: Tarifa | G81: Valor-Unit.
G85: Sub-Total | H85: =SUM(G82:G84) -> 0
A86: IV. MANO DE OBRA
A87: Descripción | D87: Unidad | E87: Tarifa/Hora | F87: Rendimiento | G87: Valor-Unit.
A88: Cuadrilla AA (Mampostería) 2Of y 1 Ay | D88: HC | E88: =+(('[3]ANÁLISIS MANO DE OBRA'!$F$35*2)+('[3]ANÁLISIS MANO DE OBRA'!$F$33))/8 -> 46544.625 | F88: =1/1.5 -> 0.66666667 | G88: =E88/F88 -> 69816.938
G90: Sub-Total | H90: =SUM(G88:G89) -> 69816.938 | K90: =H90 -> 69816.938 | L90: 1.51 | M90: =K90*L90 -> 105423.58
E92: Total Costo Directo | H92: =ROUND(H72+H79+H85+H90,0) -> 234172
A94: PROYECTO: | B94: INSTALACIÓN DE ESTUFAS ECOEFICIENTES PARA VIVIENDA RURAL
A95: ACTIVIDAD: | B95: ='[4]PRESUPUESTO ESTUFA FIJA'!B11 -> Mampostería ladrillo adobe macizo de 5x10x20 cm | G95: ITEM: | H95: 2.2
G96: UNIDAD: | H96: m2
A97: I. EQUIPO
A98: Descripción | D98: Unidad | E98: Tarifa/Hora | F98: Rendimiento | G98: Valor-Unit.
A99: HERRAMIENTA MENOR | D99: % | E99: =H122 -> 69816.938 | F99: 0.1 | G99: =+E99*F99 -> 6981.6938
G104: Sub-Total | H104: =+G99 -> 6981.6938
A105: II. MATERIALES EN OBRA
A106: Descripción | D106: Unidad | E106: Precio-Unit. | F106: Cantidad | G106: Valor-Unit.
A107: Ladrillo macizos rústicos de 5x10x20 cm | D107: und | E107: 1600 | F107: 35 | G107: =+E107*F107 -> 56000
A108: Mortero 1:4 In situ | D108: m3 | E108: =+E76 -> 520639 | F108: =0.022*1.05 -> 0.0231 | G108: =+E108*F108 -> 12026.761
G111: Sub-Total | H111: =SUM(G107:G109) -> 68026.761
A112: III. TRANSPORTES
C113: Vol. Peso ó Cant. | D113: Distancia | E113: M3-Km | F113: Tarifa | G113: Valor-Unit.
G117: Sub-Total | H117: =SUM(G114:G116) -> 0
A118: IV. MANO DE OBRA
A119: Descripción | D119: Unidad | E119: Tarifa/Hora | F119: Rendimiento | G119: Valor-Unit.
A120: Cuadrilla AA (Mampostería) 2Of y 1 Ay | D120: HC | E120: =+E88 -> 46544.625 | F120: =1/1.5 -> 0.66666667 | G120: =E120/F120 -> 69816.938
G122: Sub-Total | H122: =SUM(G120:G121) -> 69816.938 | K122: =H122 -> 69816.938 | L122: 0.8 | M122: =K122*L122 -> 55853.55
E124: Total Costo Directo | H124: =ROUND(H104+H111+H117+H122,0) -> 144825
A127: PROYECTO: | B127: INSTALACIÓN DE ESTUFAS ECOEFICIENTES PARA VIVIENDA RURAL
A128: ACTIVIDAD: | B128: ='[4]PRESUPUESTO ESTUFA FIJA'!B12 -> Mampostería ladrillo tipo farol de 10x20x40 cm | G128: ITEM: | H128: 2.3
G129: UNIDAD: | H129: m2
A130: I. EQUIPO
A131: Descripción | D131: Unidad | E131: Tarifa/Hora | F131: Rendimiento | G131: Valor-Unit.
A132: HERRAMIENTA MENOR | D132: % | E132: =H156 -> 23272.312 | F132: 0.1 | G132: 1240.8 | I132: ajustado según mo
G138: Sub-Total | H138: =+G132+G133+G134 -> 1240.8
A139: II. MATERIALES EN OBRA
A140: Descripción | D140: Unidad | E140: Precio-Unit. | F140: Cantidad | G140: Valor-Unit.
A141: Mampostería Ladrillos Sencillo de 10x20x40 cm | D141: und | E141: 2700 | F141: 12.5 | G141: =+E141*F141 -> 33750
A142: Mortero 1:4 In situ | D142: m3 | E142: =+E108 -> 520639 | F142: =0.022*1.05 -> 0.0231 | G142: =+E142*F142 -> 12026.761
G145: Sub-Total | H145: =SUM(G141:G143) -> 45776.761
A146: III. TRANSPORTES
C147: Vol. Peso ó Cant. | D147: Distancia | E147: M3-Km | F147: Tarifa | G147: Valor-Unit.
G151: Sub-Total | H151: =SUM(G148:G150) -> 0
A152: IV. MANO DE OBRA
A153: Descripción | D153: Unidad | E153: Tarifa/Hora | F153: Rendimiento | G153: Valor-Unit.
A154: Cuadrilla AA (Mampostería) 2Of y 1 Ay | D154: HC | E154: =+E88 -> 46544.625 | F154: 2 | G154: =E154/F154 -> 23272.312
G156: Sub-Total | H156: =SUM(G154:G155) -> 23272.312 | K156: =H156 -> 23272.312 | L156: 1.31 | M156: =K156*L156 -> 30486.729
E158: Total Costo Directo | H158: =ROUND(H138+H145+H151+H156,0) -> 70290
A161: PROYECTO: | B161: INSTALACIÓN DE ESTUFAS ECOEFICIENTES PARA VIVIENDA RURAL
A162: ACTIVIDAD: | B162: Suministro e Instalación de STC Vitrificado | G162: ITEM: | H162: 2.4
G163: UNIDAD: | H163: m2
A164: I. EQUIPO
...

Sheet ANALISIS PRECIOS UNITARIOS 
A2: ANALISIS DE PRECIOS UNITARIOS ECO ESTUFAS
A5: 1-04-13 | C5: Placa de contrapiso en concreto de 20,7 Mpa e = 0,07 m | D5: M2 | F5: =ROUND(SUM(H5:H13),0) -> 95875
A6: MAT | B6: MAT,368 | C6: Tabla para formaleta de 1" x 10" x 2,9 m | D6: M | E6: 1 | F6: 9035.04 | G6: =1/5 -> 0.2 | H6: =ROUND((E6*F6*G6),0) -> 1807
B7: MAT,487 | C7: Varillón de sajo 3 x 3 | D7: M | E7: 2 | F7: 2906.4 | G7: =1/5 -> 0.2 | H7: =ROUND((E7*F7*G7),0) -> 1163
B8: MAT,333 | C8: Puntilla (Promedio) | D8: Lb | E8: 0.03 | F8: 3647.84 | G8: 0 | H8: =ROUND((E8*F8),0) -> 109
B9: MAT,039 | C9: Antisol blanco | D9: Kg | E9: 0.2 | F9: 16234.4 | G9: 1.03 | H9: =ROUND((E9*F9*G9),0) -> 3344
B10: MAT,012 | C10: ACPM | D10: Gl | E10: 0.05 | F10: 10328.64 | G10: 1.05 | H10: =ROUND((E10*F10*G10),0) -> 542
A11: ITEMS | B11: G-01-04 | C11: Concreto de 20,7 Mpa (Producción) | D11: M3 | E11: 0.08 | F11: 471579 | G11: 1.05 | H11: =ROUND((E11*F11*G11),0) -> 39613
A12: M . O | B12: MOB005 | C12: Cuadrilla A 1 Of + 4 Ay (jornal + prestaciones) | D12: Día | E12: 1 | F12: 469493 | G12: =1/10 -> 0.1 | H12: =ROUND((E12*F12*G12),0) -> 46949
A13: EQUIPO | B13: EQU002 | C13: Herramienta menor (% mano obra) | D13: %MO | E13: 0.1 | F13: 23475 | G13: 0 | H13: =ROUND((E13*F13),0) -> 2348
A16: E.P | C16: =+'PRESUPUESTO ESTUFA'!C16 -> Preparacion del terreno manualmente incluye demoliciones de estructuras existentes | D16: M | F16: =ROUND(SUM(H17:H20),0) -> 136039
C17: Retiro de escombros | D17: M3 | E17: 0.8 | F17: 65000 | G17: 4 | H17: =+((E17*F17))/G17 -> 13000
A18: M . O | B18: MOB017 | C18: Cuadrilla G 1 Of + 2 Ay (jornal + prestaciones) | D18: Día | E18: 1 | F18: =VLOOKUP(B18,'[3]BASE DE DATOS'!$A$5:$E$1552,5,FALSE) -> 307599 | G18: =1/3 -> 0.33333333 | H18: =ROUND((E18*F18*G18),0) -> 102533
C19: Acarreo horizontal | D19: Mts | E19: 0.1 | F19: =+H18 -> 102533 | H19: =+E19*F19 -> 10253.3
A20: EQUIPO | B20: EQU002 | C20: Herramienta menor (% mano obra) | D20: %MO | E20: 0.1 | F20: =H18 -> 102533 | G20: 0 | H20: =ROUND((E20*F20),0) -> 10253
A22: E.P | C22: =+'PRESUPUESTO ESTUFA'!C35 -> Poda y Desmonte | D22: =+'PRESUPUESTO ESTUFA'!D35 -> UND | F22: =ROUND(SUM(H23:H26),0) -> 69212
C24: Andamio, incluye arnes y línea de vida- inc transportes al sitio | D24: Día | E24: 1 | F24: 2200 | G24: 0.7 | H24: =G24*F24*E24 -> 1540
A25: M . O | B25: MOB017 | C25: Cuadrilla G 1 Of + 2 Ay (jornal + prestaciones) | D25: Día | E25: 1 | F25: =VLOOKUP(B25,'[3]BASE DE DATOS'!$A$5:$E$1552,5,FALSE) -> 307599 | G25: =1/5 -> 0.2 | H25: =ROUND((E25*F25*G25),0) -> 61520
A26: EQUIPO | B26: EQU002 | C26: Herramienta menor (% mano obra) | D26: %MO | E26: 0.1 | F26: =H25 -> 61520 | G26: 0 | H26: =ROUND((E26*F26),0) -> 6152
A29: 1-01-23 - E.P | C29: Cerramiento - Pasamanos en poste de madera tres horizontales de proteccion inc excavacion | D29: M | F29: =ROUND(SUM(H30:H34),0) -> 319792
A30: MAT | B30: MAT,028 | C30: Poste de madera pino patula inmunizado | D30: Un | E30: 3 | F30: 44900 | G30: 1.05 | H30: =ROUND((E30*F30*G30),0) -> 141435
B31: MAT,323 | C31: Horizontal media madera pino patula inmunizado | D31: Un | E31: 3 | F31: 29900 | G31: 1.05 | H31: =ROUND((E31*F31*G31),0) -> 94185
B32: MAT,164 | C32: Tornillos de anclaje inoxidable + tuercas y arandelas | D32: Kit | E32: 1 | F32: 16500 | G32: 0 | H32: =ROUND((E32*F32),0) -> 16500
A33: M . O | B33: MOB017 | C33: Cuadrilla G 1 Of + 2 Ay (jornal + prestaciones) | D33: Día | E33: 1 | F33: =VLOOKUP(B33,'[3]BASE DE DATOS'!$A$5:$E$1552,5,FALSE) -> 307599 | G33: =1/5 -> 0.2 | H33: =ROUND((E33*F33*G33),0) -> 61520
A34: EQUIPO | B34: EQU002 | C34: Herramienta menor (% mano obra) | D34: %MO | E34: 0.1 | F34: =H33 -> 61520 | G34: 0 | H34: =ROUND((E34*F34),0) -> 6152
A37: 1-01-23 - E.P | C37: =+'PRESUPUESTO ESTUFA'!C36 -> Recuperacion de caminos | D37: M | F37: =ROUND(SUM(H38:H42),0) -> 219008
A38: MAT | B38: MAT,028 | C38: Poste de madera pino patula inmunizado | D38: ML | E38: =4*0.6 -> 2.4 | F38: 47000 | G38: 1.05 | H38: =ROUND((E38*F38*G38),0) -> 118440
B39: MAT,323 | C39: Horizontal media madera pino patula inmunizado | D39: ML | E39: 1.6 | F39: 29900 | G39: 1.05 | H39: =ROUND((E39*F39*G39),0) -> 50232
B40: MAT,164 | C40: Tornillos de anclaje inoxidable + tuercas y arandelas | D40: Kit | E40: 1 | F40: 16500 | G40: 0 | H40: =ROUND((E40*F40),0) -> 16500
A41: M . O | B41: MOB017 | C41: Cuadrilla G 1 Of + 2 Ay (jornal + prestaciones) | D41: Día | E41: 1 | F41: =VLOOKUP(B41,'[3]BASE DE DATOS'!$A$5:$E$1552,5,FALSE) -> 307599 | G41: =1/10 -> 0.1 | H41: =ROUND((E41*F41*G41),0) -> 30760
A42: EQUIPO | B42: EQU002 | C42: Herramienta menor (% mano obra) | D42: %MO | E42: 0.1 | F42: =H41 -> 30760 | G42: 0 | H42: =ROUND((E42*F42),0) -> 3076
A45: 1-01-19 | C45: Cerramiento provisional con señalizador y tela de cerramiento | D45: M | F45: =ROUND(SUM(H45:H49),0) -> 10246
A46: MAT | B46: MAT,351 | C46: Señalizador tubular de 1 m (2 líneas de cinta) | D46: Un | E46: 0.62 | F46: =VLOOKUP(B46,'[3]BASE DE DATOS'!$A$5:$E$1552,5,FALSE) -> 49448 | G46: =1/6 -> 0.16666667 | H46: =ROUND((E46*F46*G46),0) -> 5110
B47: MAT,394 | C47: Tela de cerramiento a = 2,10 m (rollo por 100 m) | D47: M2 | E47: 2 | F47: =VLOOKUP(B47,'[3]BASE DE DATOS'!$A$5:$E$1552,5,FALSE) -> 1930.1296 | G47: 1.1 | H47: =ROUND((E47*F47*G47),0) -> 4246
A48: M . O | B48: MOB003 | C48: Ayudante (jornal + prestaciones) | D48: Día | E48: 1 | F48: =VLOOKUP(B48,'[3]BASE DE DATOS'!$A$5:$E$1552,5,FALSE) -> 80947 | G48: =1/100 -> 0.01 | H48: =ROUND((E48*F48*G48),0) -> 809
A49: EQUIPO | B49: EQU002 | C49: Herramienta menor (% mano obra) | D49: %MO | E49: 0.1 | F49: =H48 -> 809 | G49: 0 | H49: =ROUND((E49*F49),0) -> 81
A52: 1-15-13 | C52: Barrera viva triple con vetiver, limoncillo, lirio y afines | D52: M | F52: =ROUND(SUM(H53:H59),0) -> 140486
A53: MAT | B53: MAT,313 | C53: Plántula (vetiver, limoncillo, lirio y afines), altura promedio 0.25 m | D53: Un | E53: 15 | F53: =VLOOKUP(B53,'[3]BASE DE DATOS'!$A$5:$E$1552,5,FALSE) -> 8960 | G53: 0 | H53: =ROUND((E53*F53),0) -> 134400
B54: MAT,139 | C54: Fertilizante | D54: Kg | E54: 0.012 | F54: =VLOOKUP(B54,'[3]BASE DE DATOS'!$A$5:$E$1552,5,FALSE) -> 2016 | G54: 1.03 | H54: =ROUND((E54*F54*G54),0) -> 25
B55: MAT,568 | C55: Calfos (Fertilizante uso agrícola) | D55: Kg | E55: 0.012 | F55: =VLOOKUP(B55,'[3]BASE DE DATOS'!$A$5:$E$1552,5,FALSE) -> 896 | G55: 1.03 | H55: =ROUND((E55*F55*G55),0) -> 11
B56: MAT,509 | C56: Bórax | D56: Kg | E56: 0.001 | F56: =VLOOKUP(B56,'[3]BASE DE DATOS'!$A$5:$E$1552,5,FALSE) -> 9625.28 | G56: 1.03 | H56: =ROUND((E56*F56*G56),0) -> 10
B57: MAT,191 | C57: Insecticida | D57: Kg | E57: 0.002 | F57: =VLOOKUP(B57,'[3]BASE DE DATOS'!$A$5:$E$1552,5,FALSE) -> 50512 | G57: 1.03 | H57: =ROUND((E57*F57*G57),0) -> 104
A58: M . O | B58: MOB003 | C58: Ayudante (jornal + prestaciones) | D58: Día | E58: 1 | F58: =VLOOKUP(B58,'[3]BASE DE DATOS'!$A$5:$E$1552,5,FALSE) -> 80947 | G58: =1/15 -> 0.066666667 | H58: =ROUND((E58*F58*G58),0) -> 5396
A59: EQUIPO | B59: EQU002 | C59: Herramienta menor (% mano obra) | D59: %MO | E59: 0.1 | F59: =H58 -> 5396 | G59: 0 | H59: =ROUND((E59*F59),0) -> 540
A61: 1-15-02 | C61: Trinchos doble en guadua h libre = 1,00 m | D61: M | F61: =ROUND(SUM(H61:H67),0) -> 172075
A62: MAT | B62: MAT,176 | C62: Guadua basa longitud promedio = 5 m | D62: Un | E62: 2 | F62: =VLOOKUP(B62,'[3]BASE DE DATOS'!$A$5:$E$1552,5,FALSE) -> 8820 | G62: 1.03 | H62: =ROUND((E62*F62*G62),0) -> 18169
B63: MAT,177 | C63: Guadua sobrebasa | D63: Un | E63: 5 | F63: =VLOOKUP(B63,'[3]BASE DE DATOS'!$A$5:$E$1552,5,FALSE) -> 8400 | G63: 1.03 | H63: =ROUND((E63*F63*G63),0) -> 43260
B64: MAT,029 | C64: Alambre galvanizado C 12 | D64: Kg | E64: 1 | F64: =VLOOKUP(B64,'[3]BASE DE DATOS'!$A$5:$E$1552,5,FALSE) -> 9408 | G64: 0 | H64: =IF(G64>=0,(E64*F64*(1+G64/100)),ABS(E64*F64/G64)) -> 9408
A65: M . O | B65: MOB015 | C65: Cuadrilla E 1 Of + 1 Ay (jornal + prestaciones) | D65: Día | E65: 1 | F65: =VLOOKUP(B65,'[3]BASE DE DATOS'!$A$5:$E$1552,5,FALSE) -> 226652 | G65: =1/3 -> 0.33333333 | H65: =ROUND((E65*F65*G65),0) -> 75551
A66: EQUIPO | B66: EQU002 | C66: Herramienta menor (% mano obra) | D66: %MO | E66: 0.1 | F66: =H65 -> 75551 | G66: 0 | H66: =ROUND((E66*F66),0) -> 7555
B67: EQU001 | C67: Control de aguas | D67: %MO | E67: 0.24 | F67: =H65 -> 75551 | G67: 0 | H67: =ROUND((E67*F67),0) -> 18132
A69: 1-15-07 | C69: =+'PRESUPUESTO ESTUFA'!C25 -> Material Vegetal - Plantulas | D69: M | F69: =ROUND(SUM(H69:H73),0) -> 9401
A70: MATERIALES | B70: MAT,312 | C70: Plántula (nacedero, carey, leucaena, matarratón), altura promedio 0.25 m | D70: Un | E70: 0.4 | F70: =VLOOKUP(B70,'[3]BASE DE DATOS'!$A$5:$E$1552,5,FALSE) -> 11200 | G70: 0 | H70: =ROUND((E70*F70),0) -> 4480
A71: M . O | B71: MOB003 | C71: Ayudante (jornal + prestaciones) | D71: Día | E71: 1 | F71: =VLOOKUP(B71,'[3]BASE DE DATOS'!$A$5:$E$1552,5,FALSE) -> 80947 | G71: =1/20 -> 0.05 | H71: =ROUND((E71*F71*G71),0) -> 4047
A72: EQUIPO | B72: EQU002 | C72: Herramienta menor (% mano obra) | D72: %MO | E72: 0.05 | F72: =H71 -> 4047 | G72: 0 | H72: =ROUND((E72*F72),0) -> 202
B73: EQU053 | C73: Transporte (% materiales) | D73: %Mat | E73: 0.15 | F73: =SUM(H70:H70) -> 4480 | G73: 0 | H73: =ROUND((E73*F73),0) -> 672
A76: 1-01-10 | C76: Cargue de material manual | D76: M3 | F76: =ROUND(SUM(H76:H78),0) -> 32379
A77: M . O | B77: MOB018 | C77: Cuadrilla H 4 Ay (jornal + prestaciones) | D77: Día | E77: 1 | F77: =VLOOKUP(B77,'[3]BASE DE DATOS'!$A$5:$E$1552,5,FALSE) -> 323788 | G77: =1/11 -> 0.090909091 | H77: =ROUND((E77*F77*G77),0) -> 29435
A78: EQUIPO | B78: EQU002 | C78: Herramienta menor (% mano obra) | D78: %MO | E78: 0.1 | F78: =H77 -> 29435 | G78: 0 | H78: =ROUND((E78*F78),0) -> 2944
A80: G-03-(P7)B | C80: Transporte materiales a la vereda el aguacate en JEEP, incluye cargue y descargue | D80: Viaje | F80: =ROUND(SUM(H80:H82),0) -> 157458
A81: M . O | C81: 2 Ayudantes (jornal + prestaciones) | D81: Día | E81: 1 | F81: =+'[5]ANALISIS MANO DE OBRA'!E30*2 -> 151094 | G81: 0.4 | H81: =ROUND((E81*F81*G81),0) -> 60438
A82: EQUIPO | B82: EQU066 | C82: Campero tipo JEEP | D82: Viaje | E82: 2 | F82: 73500 | G82: 0.66 | H82: =ROUND((E82*F82*G82),0) -> 97020
A85: G-03-(P7)B | C85: Transporte materiales a la vereda La Gorgonia en JEEP, incluye cargue y descargue | D85: Viaje/Ton | F85: =ROUND(SUM(H85:H87),0) -> 155689
A86: M . O | C86: 2 Ayudantes (jornal + prestaciones) | D86: Día | E86: 1 | F86: =+'[5]ANALISIS MANO DE OBRA'!E30*2 -> 151094 | G86: 0.484 | H86: =ROUND((E86*F86*G86),0) -> 73129
A87: EQUIPO | B87: EQU066 | C87: Campero tipo JEEP | D87: Viaje | E87: 2 | F87: =+'ANALISIS TRANS VEHIC'!E58 -> 62545.455 | G87: 0.66 | H87: =ROUND((E87*F87*G87),0) -> 82560
A89: G-03-03 | C89: Transporte materiales en mula (carga = 100 Kg/Km) | D89: Carga-Km | F89: =ROUND(SUM(H89:H90),0) -> 4911
A90: EQUIPO | B90: EQU037 | C90: Transporte de materiales en mula (100 Kg/Km) | D90: Cg | E90: 1 | F90: =VLOOKUP(B90,'[3]BASE DE DATOS'!$A$5:$E$1552,5,FALSE) -> 4911.2 | G90: 0 | H90: =ROUND((E90*F90),0) -> 4911
A91: G-03-04 | C91: Transporte materiales a hombro (carga = 23 Kg/Km) | D91: Carga-Km | F91: =ROUND(SUM(H91:H92),0) -> 19589
A92: EQUIPO | B92: MOB003 | C92: Ayudante (jornal + prestaciones) | D92: Día | E92: 1 | F92: =VLOOKUP(B92,'[3]BASE DE DATOS'!$A$5:$E$1552,5,FALSE) -> 80947 | G92: 0.242 | H92: =ROUND((E92*F92*G92),0) -> 19589
A93: G-03-05 | C93: Disposición en botadero | D93: M3 | F93: =ROUND(SUM(H93:H94),0) -> 6000
A94: EQUIPO | C94: Pago tarifa disposición final | D94: M3 | E94: 1 | F94: 6000 | G94: 1 | H94: =ROUND((E94*F94*G94),0) -> 6000
A95: G-03-06 | C95: Transporte materiales a obra (no incluye descargue) | D95: Tn-Km | F95: =ROUND(SUM(H95:H96),0) -> 8400
A96: EQUIPO | B96: EQU066 | C96: Camión dobletroque | D96: Tn | E96: 1 | F96: =VLOOKUP(B96,'[3]BASE DE DATOS'!$A$5:$E$1552,5,FALSE) -> 67200 | G96: 0.125 | H96: =ROUND((E96*F96*G96),0) -> 8400
A98: 1-03-22 | C98: Lleno compactado con material transportado manual | D98: M3 | F98: =ROUND(SUM(H98:H102),0) -> 30373
A99: M. O | B99: MOB005 | C99: Cuadrilla A 1 Of + 4 Ay (jornal + prestaciones) | D99: Día | E99: 1 | F99: =VLOOKUP(B99,'[3]BASE DE DATOS'!$A$5:$E$1552,5,FALSE) -> 469493 | G99: 0.05 | H99: =ROUND((E99*F99*G99),0) -> 23475
B100: MOB011 | C100: Acarreo horizontal | D100: %MO | E100: 0.05 | F100: =+H99 -> 23475 | G100: 0 | H100: =ROUND((E100*F100),0) -> 1174
A101: EQUIPO | B101: EQU002 | C101: Herramienta menor (% mano obra) | D101: %MO | E101: 0.1 | F101: =H99 -> 23475 | G101: 0 | H101: =ROUND((E101*F101),0) -> 2348
B102: EQU034 | C102: Compactador manual (canguro) | D102: Día | E102: 1 | F102: =VLOOKUP(B102,'[3]BASE DE DATOS'!$A$5:$E$1552,5,FALSE) -> 50646.4 | G102: =1/15 -> 0.066666667 | H102: =ROUND((E102*F102*G102),0) -> 3376

Sheet ANALISIS TRANSPORTE A HOMBRO
C1: NOMBRE Y APELIDOS | D1: CEDULA | E1: TELEFONO | F1: VEREDA | G1: TRANSPORTE A HOMBRO
G2: (Metros)
A3: 1 | C3: ALBA NIDIA ESPINOSA | D3: 42026693 | E3: 3225098340 | F3: Caserio la Palma
A4: 2 | C4: ALBEIRO AGUDELO PAREJA | D4: 8461557 | E4: 3103879235 | F4: Caserio la Palma
A5: 3 | B5: 1 | C5: ALCIDES ACEVEDO GRISALES | D5: 10198688 | E5: 3108281927 | F5: El agucate finca Villa Alicia | G5: 180
A6: 4 | B6: 2 | C6: ANA DE DIOS SEPULVEDA | D6: 20983381 | E6: 3013556640 | F6: La palma finca Veranda | G6: 520
A7: 5 | B7: 3 | C7: BERNARDA ROMAN CARDONA | D7: 29392927 | E7: 3115697848-3146037976 | F7: Sector el norte la Palma | G7: 65
A8: 6 | C8: CARLOS ARTURO ESPINOSA | E8: 3117704065 | F8: La palma el jardin de la Vaga
A9: 7 | C9: CONSTANZA LORENA GARCES | E9: 3113217946 | F9: El Aguacate finca el Milagro
A10: 8 | C10: DANIELA JIMENEZ AGUDELO | D10: 1087559700 | E10: 3104370200 | F10: Caserio la Palma
A11: 9 | C11: GERALDINE SANTA OSORIO | D11: 1112776848 | E11: 3145976586-3145976586 | F11: La palma sector la Rivera
A12: 10 | C12: GLORIA AMPARO BENJUMEA | D12: 24511637 | E12: 3104010234 | F12: Caserio la Palma
A13: 11 | C13: GUSTAVO ANTONIO TORO | D13: 10193564 | E13: 3215206870 | F13: Caserio la Palma
A14: 12 | C14: IRNEY OSORIO BOLAÑOS | D14: 36272236 | E14: 3186595725-3217746880 | F14: La palma sector la Rivera
A15: 13 | B15: 4 | C15: JAIME ANDRES HERNANDEZ TORO | D15: 10051313 | E15: 3202343203 | F15: El Aguacate finca el Progreso | G15: 250
A16: 14 | C16: JAMES DE JESUS CASTAÑO | D16: 18607677 | E16: 3116226142 | F16: Caserio la Palma
A17: 15 | C17: JANETH DUQUE AGUDELO | D17: 42028848 | E17: 3146155213 | F17: Caserio la Palma
A18: 16 | B18: 5 | C18: JESUS EMILIO CORREA MONTOYA | D18: 9990033 | E18: 3225906595 | F18: La Palma finca el limon | G18: 20
A19: 17 | C19: JORGE LUIS CASTAÑO MARIN | D19: 10064322 | E19: 3137125487-3126258918 | F19: Sector el norte la Carmelita
A20: 18 | B20: 7 | C20: JOSE ARTUBE RIVERA ECHEVERRY | D20: 10190557 | F20: Caserio la Palma | G20: 218
A21: 19 | C21: JOSE GUILLERMO LOPEZ | D21: 4557244 | E21: 3135399948 | F21: El aguacate finca san Mateo
A22: 20 | B22: 8 | C22: JOSE JESUS PINEDA QUINCHIA | D22: 2672566 | F22: La palma finca la Mejora | G22: 600
A23: 21 | C23: JOSE NICOLAS MARIN MOLINA | E23: 3206071828 | F23: El aguacate finca Buenos Aires
A24: 22 | C24: JULIAN ANDRES BEDOYA BENJUMEA | D24: 1087547899 | E24: 3116456982 | F24: La palma sector la Rivera
A25: 23 | B25: 9 | C25: JULIO ANIBAL CARDONA ZULUAGA | D25: 9745079 | E25: 3118854613 | F25: La palma | G25: 263
A26: 24 | C26: JULIO CESAR CASTAÑEDA | D26: 10051134 | E26: 3235104544 | F26: La Palma Sector la Rivera
A27: 25 | B27: 10 | C27: LEONARDO DIAZ CARDONA | E27: 3206735836 | F27: La palma secotr el norte | G27: 155
A28: 26 | C28: LIZETH SANTA OSORIO | D28: 1087555072 | E28: 3145976586 | F28: La palma sector la Rivera
A29: 27 | B29: 11 | C29: LUIS ERNESTO USMA ZAPATA | D29: 10194509 | E29: 3148721673 | F29: La palma sector la Rivera | G29: 140
A30: 28 | C30: LUIS FERNANDO QUINTERO | E30: 3124090647 | F30: La palma sector la Rivera
A31: 29 | B31: 12 | C31: LUIS MAJIN BEDOYA CORREA | D31: 10194544 | E31: 3228209821 | F31: La palma sector la Rivera | G31: 320
A32: 30 | B32: 13 | C32: LUZ MARINA CARDONA ZULUAGA | D32: 42025578 | E32: 3203208998 | F32: La palma sector la Rivera | G32: 120
A33: 31 | B33: 14 | C33: LUZ MARINA ESCOBAR | F33: La palma sector el Norte | G33: 140
A34: 32 | B34: 15 | C34: LUZ MARY ARENAS PRECIADO | D34: 24999197 | E34: 3104322573 | F34: Caserio la Palma | G34: 20
A35: 33 | C35: LUZ MERY CASTAÑO AGUDELO | D35: 25201872 | E35: 3137091410 | F35: Caserio la Palma
A36: 34 | C36: MARCO AURELIO DIAZ | D36: 1259103 | E36: 3117413484 | F36: Caserio la Palma
A37: 35 | C37: MARIA FABIOLA VANEGAS | D37: 42021847 | E37: 3113146647 | F37: Caserio la Palma
A38: 36 | C38: MARIA ILAIM GONZALES SUAREZ | D38: 42020617 | F38: El aguacate caserio
A39: 37 | C39: MARIA ISABEL DUQUE ALZATE | D39: 42024131 | E39: 3123245474 | F39: Caserio la Palma
A40: 38 | B40: 16 | C40: MARIA ISABEL QUINTERO DIAZ | D40: 52767379 | E40: 3137778644 | F40: Sector el norte la Palma | G40: 120
A41: 39 | C41: MARIA LUCIA GRAJALES | F41: Caserio la Palma
A42: 40 | C42: MARIA MARLENY ALZATE DE DUQUE | D42: 24537296 | E42: 3218465586 | F42: Caserio la Palma
A43: 41 | C43: MARINA ALZATE DE MENDOZA | D43: 21876805 | E43: 3127313579 | F43: Caserio la Palma sector cancha
A44: 42 | C44: MARIA MARLENY DUQUE DE AGUDELO | D44: 25200884 | E44: 3183743085 | F44: Caserio la Palma
A45: 43 | C45: MARLENI MOTATO GAÑAN | D45: 42025282 | E45: 3127830718 | F45: Caserio la Palma
A46: 44 | B46: 17 | C46: MARTHA ELENA VANEGAS | D46: 43683685 | E46: 3105137918 | F46: Caserio la Palma | G46: 12
A47: 45 | B47: 18 | C47: MAURICIO AUSIQUE RODRIGUEZ | D47: 2879352 | E47: 3117848657 | F47: Sector el norte la Carmelita | G47: 35
A48: 46 | C48: NOEL ENRIQUE BARBOSA | D48: 8322245 | E48: 3136882961 | F48: La Palma finca Churimal
A49: 47 | C49: NORA ZULETA | F49: El aguacate finca la Roncadora
A50: 48 | C50: OLGA LUCIA ROJAS GONZALES | D50: 51858109 | E50: 3206166690 | F50: El aguacate
A51: 49 | C51: OLGA YENSIRLE VANEGAS | D51: 42027583 | E51: 3226860611 | F51: Caserio la Palma
A52: 50 | C52: RUBIALBA GALLEGO | D52: 42026099 | F52: Caserio la Palma
A53: 51 | B53: 19 | C53: SANDRA PATRICIA VELEZ ANGEL | D53: 42028071 | E53: 3194469190 | F53: El aguacate caserio | G53: 15
A54: 52 | C54: TERESA DE JESUS RENDON | D54: 42022313 | E54: 3107078955 | F54: El Aguacate
A55: 53 | C55: VIRGELINA GAÑAN MOTATO | D55: 25052019 | E55: 3207830718 | F55: Caserio la Palma
A56: 54 | B56: 20 | C56: YAMILE OSORIO ZAPATA | D56: 42030860 | E56: 3146195052 | F56: Caserio la Palma | G56: 15
A57: 55 | C57: YARISMA MENDOZA TORRES | D57: 26883861 | E57: 3216337550-3116609825 | F57: Caserio la Palma | G57: 0
A58: SUBTOTAL PROMEDIO DISTANCIA KM Y PRECIO | G58: =(SUM(G3:G57)/20) -> 160.4
C60: Detalle transporte a hombro
A63: ANALISIS TRANSPORTE A HOMBRO ZONA DE PROTECCION GUASIMO | F63: Metros de distancia aproximada
A64: Promedio Distancias minima area interna senderos | D64: Distancia recorrido x carga | F64: 0.5
A65: Promedio Distancias intermedia area interna senderos | D65: Distancia recorrido x carga | F65: 1.5
A66: Promedio Distancias minima area interna senderos | D66: Distancia recorrido x carga | F66: 2.5
A67: SUBTOTAL | F67: =SUM(F64:F66) -> 4.5
A68: SUBTOTAL PROMEDIO | F68: =+F67/3 -> 1.5
A69: SUBTOTAL PROMEDIO DISTANCIA TRANSPORTE MATERIAL ESTUFAS Y SENDEROS GUASIMO | F69: =+(((F68)+(G58/1000)))/2 -> 0.8302

Sheet ANALISIS TRANS VEHIC
B1: NOMBRE Y APELIDOS | C1: VEREDA | D1: VEHICULO
D2: (Km)/Ton | E2: VALOR
A3: 1 | B3: ALBA NIDIA ESPINOSA | C3: Caserio la Palma | D3: 9.3 | E3: 60000
A4: 2 | B4: ALBEIRO AGUDELO PAREJA | C4: Caserio la Palma | D4: 9.5 | E4: 60000
A5: 3 | B5: ALCIDES ACEVEDO GRISALES | C5: El agucate finca Villa Alicia | D5: 4.6 | E5: 60000
A6: 4 | B6: ANA DE DIOS SEPULVEDA | C6: La palma finca Veranda | D6: 9.7 | E6: 60000
A7: 5 | B7: BERNARDA ROMAN CARDONA | C7: Sector el norte la Palma | D7: 10 | E7: 80000
A8: 6 | B8: CARLOS ARTURO ESPINOSA | C8: La palma el jardin de la Vaga | D8: 10.5 | E8: 80000
A9: 7 | B9: CONSTANZA LORENA GARCES | C9: El Aguacate finca el Milagro | D9: 4.6 | E9: 60000
A10: 8 | B10: DANIELA JIMENEZ AGUDELO | C10: Caserio la Palma | D10: 8.9 | E10: 60000
A11: 9 | B11: GERALDINE SANTA OSORIO | C11: La palma sector la Rivera | D11: 9.9 | E11: 60000
A12: 10 | B12: GLORIA AMPARO BENJUMEA | C12: Caserio la Palma | D12: 8.7 | E12: 60000
A13: 11 | B13: GUSTAVO ANTONIO TORO | C13: Caserio la Palma | D13: 9.3 | E13: 60000
A14: 12 | B14: IRNEY OSORIO BOLAÑOS | C14: La palma sector la Rivera | D14: 9.7 | E14: 60000
... A43: 41 | B43: MARINA ALZATE DE MENDOZA | C43: Caserio la Palma sector cancha | D43: 8.1 | E43: 60000
A44: 42 | B44: MARIA MARLENY DUQUE DE AGUDELO | C44: Caserio la Palma | D44: 9,,2 | E44: 60000
A45: 43 | B45: MARLENI MOTATO GAÑAN | C45: Caserio la Palma | D45: 9.2 | E45: 60000
A46: 44 | B46: MARTHA ELENA VANEGAS | C46: Caserio la Palma | D46: 9 | E46: 60000
A47: 45 | B47: MAURICIO AUSIQUE RODRIGUEZ | C47: Sector el norte la Carmelita | D47: 9.8 | E47: 80000
A48: 46 | B48: NOEL ENRIQUE BARBOSA | C48: La Palma finca Churimal | D48: 8.5 | E48: 80000
A49: 47 | B49: NORA ZULETA | C49: El aguacate finca la Roncadora | D49: 3.2 | E49: 40000
A50: 48 | B50: OLGA LUCIA ROJAS GONZALES | C50: El aguacate | D50: 3.8 | E50: 40000
A51: 49 | B51: OLGA YENSIRLE VANEGAS | C51: Caserio la Palma | D51: 9.1 | E51: 60000
A52: 50 | B52: RUBIALBA GALLEGO | C52: Caserio la Palma | D52: 8.7 | E52: 60000
A53: 51 | B53: SANDRA PATRICIA VELEZ ANGEL | C53: El aguacate caserio | D53: 3.4 | E53: 40000
A54: 52 | B54: TERESA DE JESUS RENDON | C54: El Aguacate | D54: 7.1 | E54: 40000
A55: 53 | B55: VIRGELINA GAÑAN MOTATO | C55: Caserio la Palma | D55: 9 | E55: 60000
A56: 54 | B56: YAMILE OSORIO ZAPATA | C56: Caserio la Palma | D56: 9.7 | E56: 60000
A57: 55 | B57: YARISMA MENDOZA TORRES | C57: Caserio la Palma | D57: 8.6 | E57: 60000
B58: SUBTOTAL PROMEDIO DISTANCIA KM Y PRECIO | D58: =SUM(D3:D57)/55 -> 8.1927273 | E58: =SUM(E3:E57)/55 -> 62545.455

Sheet MEMORIAS SENDEROS
B2: MEMORIAS DE CALCULO
B4: FECHA | C4: DD | D4: 10 | E4: MM | F4: 10 | G4: AA | H4: 2024 | J4: ACTA N° | K4: ='[6]1_PUENTE LA ESPERANZA'!L5 -> 1 | M4: ELABORO
B6: OBJETO DEL CONTRATO | E6: IMPLEMENTACIÓN DE ACCIONES DE CONSERVACIÓN, PRODUCCCIÓN SOSTENIBLE Y CONSUMO RESPONSABLE EN AREAS DE INTERES AMBIENTAL DEL D.M.I GUASIMO EN EL MUNICIPIO DE LA VIRGINIA
B7: SUPERVISOR | I7: NIT O C.C. | M7: CONTRATO N°
B8: CONTRATANTE | E8: MUNICIPIO DE LA VIRGINIA | I8: NIT O C.C.
B9: CAPÍTULO | E9: ITEM | F9: DESCRIPCION
B10: =+'PRESUPUESTO ESTUFA'!B34 -> E | E10: =+'PRESUPUESTO ESTUFA'!B35 -> E.1.1 | F10: =+'PRESUPUESTO ESTUFA'!C35 -> Poda y Desmonte | K10: UND | M10: =+'PRESUPUESTO ESTUFA'!D35 -> UND | O10: UBICACIÓN | P10: ZONA RURAL
K11: Descripción | L11: Dimensiones | O11: No Elem. | P11: Medida Total
L12: Ancho | M12: Alto | N12: Long
K13: =+F10 -> Poda y Desmonte | N13: 1000 | O13: 1 | P13: =N13*O13 -> 1000
B37: OBSERVACIONES: | D37: Detalle: se requiere la poda, desmonte de plantas y ramificaciones presentes en el camino obstruyendo el paso y otras que sobresalen en en el mismo, lo cual genera riesgo al paso de turistas y peronal que realiza acciones en la zona. | K37: ACUMULADO EN ITEM | L37: =P37 -> 1000 | M37: TOTAL | P37: =SUM(P13:P36) -> 1000
B48: PREACTA DE OBRA
B50: FECHA | C50: DD | D50: ='[6]1_PUENTE LA ESPERANZA'!E57 -> 0 | E50: MM | F50: ='[6]1_PUENTE LA ESPERANZA'!G57 -> Limpieza y protección con aceite de linaza mas trementina proporción 2:1 elementos estructurales (guaduas y Mangles), inc cambio de piezas averidadas. Guadua sumistrada por el Jardin botanico | G50: AA | H50: ='[6]1_PUENTE LA ESPERANZA'!I57 -> 0 | J50: ACTA N° | K50: ='[6]1_PUENTE LA ESPERANZA'!L57 -> 0 | M50: ELABORO | N50: =N4 -> 0
B52: OBJETO DEL CONTRATO | E52: =E6 -> IMPLEMENTACIÓN DE ACCIONES DE CONSERVACIÓN, PRODUCCCIÓN SOSTENIBLE Y CONSUMO RESPONSABLE EN AREAS DE INTERES AMBIENTAL DEL D.M.I GUASIMO EN EL MUNICIPIO DE LA VIRGINIA
B53: SUPERVISOR | E53: =E7 -> 0 | I53: NIT O C.C. | K53: =K7 -> 0 | M53: CONTRATO N° | O53: =O7 -> 0
B54: CONTRATANTE | E54: =E8 -> MUNICIPIO DE LA VIRGINIA | I54: NIT O C.C. | K54: =K8 -> 0
B55: CAPÍTULO | E55: ITEM | F55: DESCRIPCION
B56: =+'PRESUPUESTO ESTUFA'!B34 -> E | E56: =+'PRESUPUESTO ESTUFA'!B36 -> E.1.2 | F56: =+'PRESUPUESTO ESTUFA'!C36 -> Recuperacion de caminos | K56: UND | M56: =+'PRESUPUESTO ESTUFA'!D36 -> ML | O56: UBICACIÓN | P56: ZONA RURAL
K57: Descripción | L57: Dimensiones | O57: No Elem. | P57: Medida Total
L58: Ancho | M58: Alto | N58: Long
K59: Recuperacion de caminos tramo No 1. | N59: =40*0.5 -> 20 | O59: 1 | P59: =+N59*O59 -> 20 | U59: 95.16
K60: Recuperacion de caminos tramo No 2. | N60: =7*0.5 -> 3.5 | O60: 1 | P60: =+N60*O60 -> 3.5 | U60: =L82 -> 163.5
K61: Recuperacion de caminos tramo No 3. | N61: =50*0.5 -> 25 | O61: 1 | P61: =+N61*O61 -> 25 | U61: =U59-U60 -> -68.34
K62: Recuperacion de caminos tramo No 4. | N62: 61 | O62: 1 | P62: =+N62*O62 -> 61
K63: Recuperacion de caminos tramo No 5. | N63: 23 | O63: 1 | P63: =+N63*O63 -> 23
K64: Recuperacion de caminos tramo No 6. | N64: 6 | O64: 1 | P64: =+N64*O64 -> 6
K65: Recuperacion de caminos tramo No 7. | N65: 25 | O65: 1 | P65: =+N65*O65 -> 25
B82: OBSERVACION | D82: Detalle: a lo largo del trayecto de los senderos existen varios tramos que generan dificultad al paso de turistas y personal, debido a que la madera que conforman los pasos de huella y contrahuella estan deteriorado a no existen lo cual ocasiona la perdida del material (tierra) que a su vez se forma una gran pendiente que se evidencia el alto riesgo al paso por esos caminos. | K82: ACUMULADO EN ITEM | L82: =P82 -> 163.5 | M82: TOTAL | P82: =SUM(P59:P81) -> 163.5
B93: MEMORIAS DE CALCULO
B95: FECHA | C95: DD | D95: 10 | E95: MM | F95: 10 | G95: AA | H95: 2024 | J95: ACTA N° | M95: ELABORO
B97: OBJETO DEL CONTRATO | E97: IMPLEMENTACIÓN DE ACCIONES DE CONSERVACIÓN, PRODUCCCIÓN SOSTENIBLE Y CONSUMO RESPONSABLE EN AREAS DE INTERES AMBIENTAL DEL D.M.I GUASIMO EN EL MUNICIPIO DE LA VIRGINIA
B98: SUPERVISOR | I98: NIT O C.C. | M98: CONTRATO N°
B99: CONTRATANTE | E99: MUNICIPIO DE LA VIRGINIA | I99: NIT O C.C.
B100: CAPÍTULO | E100: ITEM | F100: DESCRIPCION
B101: =+'PRESUPUESTO ESTUFA'!B34 -> E | E101: =+'PRESUPUESTO ESTUFA'!B37 -> E.1.3 | F101: =+'PRESUPUESTO ESTUFA'!C37 -> Suministro e instalacion de pasamanos en madera | K101: UND | M101: =+'PRESUPUESTO ESTUFA'!D37 -> ML | O101: UBICACIÓN | P101: ZONA RURAL
K102: Descripción | L102: Dimensiones | O102: No Elem. | P102: Medida Total
L103: Ancho | M103: Alto | N103: Long
K104: Suministro e instalacion de pasamanos en madera tramo No 1 | P104: =N104*O104 -> 0
K105: Suministro e instalacion de pasamanos en madera tramo No 2 | N105: 42 | O105: 1 | P105: =N105*O105 -> 42
K106: Suministro e instalacion de pasamanos en madera tramo No 3 | N106: 35 | O106: 1 | P106: =N106*O106 -> 35
K107: Suministro e instalacion de pasamanos en madera tramo No 4 | N107: 20 | O107: 1 | P107: =N107*O107 -> 20
K108: Suministro e instalacion de pasamanos en madera tramo No 5 | N108: 13 | O108: 1 | P108: =N108*O108 -> 13
K109: Suministro e instalacion de pasamanos en madera tramo No 6 | N109: 18 | O109: 1 | P109: =N109*O109 -> 18
K110: Suministro e instalacion de pasamanos en madera tramo No 7 | N110: 34 | O110: 1 | P110: =N110*O110 -> 34
K111: Suministro e instalacion de pasamanos en madera tramo No 8 | N111: 20 | O111: 1 | P111: =N111*O111 -> 20
K112: Suministro e instalacion de pasamanos en madera tramo No 9 | N112: 35 | O112: 1 | P112: =N112*O112 -> 35
K113: Suministro e instalacion de pasamanos en madera tramo No 10 | N113: 10 | O113: 1 | P113: =N113*O113 -> 10
K114: Suministro e instalacion de pasamanos en madera tramo No 11 | N114: 25 | O114: 1 | P114: =N114*O114 -> 25
K115: Suministro e instalacion de pasamanos en madera tramo No 12 | N115: 50 | O115: 1 | P115: =N115*O115 -> 50
B127: OBSERVACIONES: | D127: Detalle: Existen zonas donde el paso es demasido angosto y debido a sus altas pendientes hay abismos que genera mucho riesgo de accidente al paso de las personas y turistas, teniendo en cuenta que hay unas personas mas vunerables que otras. | K127: ACUMULADO EN ITEM | L127: =P127 -> 302 | M127: TOTAL | P127: =SUM(P104:P126) -> 302
B135: PREACTA DE OBRA
B137: FECHA | C137: DD | D137: ='[6]1_PUENTE LA ESPERANZA'!E103 -> 0 | E137: MM | G137: AA | H137: ='[6]1_PUENTE LA ESPERANZA'!I103 -> 0 | J137: ACTA N° | K137: ='[6]1_PUENTE LA ESPERANZA'!L103 -> 0 | M137: ELABORO | N137: =N4 -> 0
B139: OBJETO DEL CONTRATO | E139: =E6 -> IMPLEMENTACIÓN DE ACCIONES DE CONSERVACIÓN, PRODUCCCIÓN SOSTENIBLE Y CONSUMO RESPONSABLE EN AREAS DE INTERES AMBIENTAL DEL D.M.I GUASIMO EN EL MUNICIPIO DE LA VIRGINIA
B140: SUPERVISOR | E140: =E7 -> 0 | I140: NIT O C.C. | K140: =K7 -> 0 | M140: CONTRATO N° | O140: =O7 -> 0
B141: CONTRATANTE | E141: =E8 -> MUNICIPIO DE LA VIRGINIA | I141: NIT O C.C. | K141: =K8 -> 0
B142: CAPÍTULO | E142: ITEM | F142: DESCRIPCION
B143: =+'PRESUPUESTO ESTUFA'!B34 -> E | E143: =+'PRESUPUESTO ESTUFA'!B39 -> E.1.5 | F143: =+'PRESUPUESTO ESTUFA'!C39 -> Trinchos doble en guadua h libre = 1,00 m | K143: UND | M143: ='[6]ACTA PARCIAL 1'!E43 -> M3 | O143: UBICACIÓN | P143: ZONA RURAL
K144: Descripción | L144: Dimensiones | O144: No Elem. | P144: Medida Total
L145: Ancho | M145: Alto | N145: Long
K146: =+F143 -> Trinchos doble en guadua h libre = 1,00 m | N146: 4 | O146: 1 | P146: =+N146*O146 -> 4
N147: 6 | O147: 1 | P147: =+N147*O147 -> 6
N148: 2 | O148: 1 | P148: =+N148*O148 -> 2
B175: OBSERVACION | D175: Detalle: Demolicion de area de concreto existente y retiro del mismo. | K175: ACUMULADO EN ITEM | L175: =P175 -> 12 | M175: TOTAL | P175: =SUM(P146:P174) -> 12
B186: PREACTA DE OBRA
B188: FECHA | C188: DD | E188: MM | G188: AA | J188: ACTA N° | M188: ELABORO | N188: =N60 -> 3.5
B190: OBJETO DEL CONTRATO | E190: =E62 -> 0
B191: SUPERVISOR | E191: =E63 -> 0 | I191: NIT O C.C. | M191: CONTRATO N°
B192: CONTRATANTE | E192: =E64 -> 0 | I192: NIT O C.C.
B193: CAPÍTULO | E193: ITEM | F193: DESCRIPCION
B194: =+'PRESUPUESTO ESTUFA'!B43 -> F | E194: =+'PRESUPUESTO ESTUFA'!B44 -> F.1.1 | F194: =+'PRESUPUESTO ESTUFA'!C44 -> Transporte materiales a la vereda el aguacate en JEEP, incluye cargue y descargue | K194: UND | M194: =+'PRESUPUESTO ESTUFA'!D44 -> Viaje/Ton | O194: UBICACIÓN | P194: ZONA RURAL
K195: Descripción | L195: Dimensiones | O195: No Elem. | P195: Medida Total
L196: Ancho | M196: Alto | N196: Peso Kg - Long
K197: =+F194 -> Transporte materiales a la vereda el aguacate en JEEP, incluye cargue y descargue
K199: =+'PRESUPUESTO ESTUFA'!C34 -> MEJORAMIENTO DE SENDEROS
K200: Recuperacion de caminos | L200: M | O200: =+'PRESUPUESTO ESTUFA'!E16*'MEMORIAS DE CALCULO ESTUFAS '!M197 -> 0 | P200: =+O200*N200*M200 -> 0
K201: Poste de madera pino patula inmunizado | L201: ML | M201: 2.4 | N201: 15 | O201: =+'PRESUPUESTO ESTUFA'!E36 -> 106 | P201: =+O201*N201*M201 -> 3816
K202: Horizontal media madera pino patula inmunizado | L202: ML | M202: 1.6 | N202: =+M202*100/N201 -> 10.666667 | O202: =+'PRESUPUESTO ESTUFA'!E36 -> 106 | P202: =+O202*N202*M202 -> 1809.0667
K203: Tornillos de anclaje inoxidable + tuercas y arandelas | L203: Kit | M203: 1 | N203: 0.15 | O203: =+'PRESUPUESTO ESTUFA'!E36 -> 106 | P203: =+O203*N203*M203 -> 15.9
O204: =+'PRESUPUESTO ESTUFA'!E15*'MEMORIAS DE CALCULO ESTUFAS '!M201 -> 0 | P204: =+O204*N204*M204 -> 0
K205: Cerramiento - Pasamanos en poste de madera tres horizontales de proteccion inc excavacion | L205: M | P205: =+O205*N205*M205 -> 0
K206: Poste de madera pino patula inmunizado | L206: Un | M206: 3 | N206: 16 | O206: =+'PRESUPUESTO ESTUFA'!E37 -> 98 | P206: =+O206*N206*M206 -> 4704
K207: Horizontal media madera pino patula inmunizado | L207: Un | M207: 3 | N207: 8 | O207: =+'PRESUPUESTO ESTUFA'!E37 -> 98 | P207: =+O207*N207*M207 -> 2352
K208: Tornillos de anclaje inoxidable + tuercas y arandelas | L208: Kit | M208: 1 | N208: 0.2 | O208: =+'PRESUPUESTO ESTUFA'!E37 -> 98 | P208: =+O208*N208*M208 -> 19.6
P209: =+O209*N209*M209 -> 0
P210: =+O210*N210*M210 -> 0
P211: =+O211*N211*M211 -> 0
P212: =+O212*N212*M212 -> 0
K213: Cerramiento provisional con señalizador y tela de cerramiento | L213: M | P213: =+O213*N213*M213 -> 0
K214: Señalizador tubular de 1 m (2 líneas de cinta) | L214: Un | M214: 0.62 | N214: 15 | O214: =+'PRESUPUESTO ESTUFA'!E38 -> 65 | P214: =+O214*N214*M214 -> 604.5
K215: Tela de cerramiento a = 2,10 m (rollo por 100 m) | L215: M2 | M215: 2 | N215: 1 | O215: =+'PRESUPUESTO ESTUFA'!E38 -> 65 | P215: =+O215*N215*M215 -> 130
P216: =+O216*N216*M216 -> 0
P217: =+O217*N217*M217 -> 0
K218: Trinchos doble en guadua h libre = 1,00 m | L218: M | P218: =+O218*N218*M218 -> 0
K219: Guadua basa longitud promedio = 5 m | L219: Un | M219: 2 | N219: =+M219*20 -> 40 | O219: =+'PRESUPUESTO ESTUFA'!E39 -> 12 | P219: =+O219*N219*M219 -> 960
K220: Guadua sobrebasa | L220: Un | M220: 5 | N220: =+M220*20 -> 100 | O220: =+'PRESUPUESTO ESTUFA'!E40 -> 12 | P220: =+O220*N220*M220 -> 6000
K221: Alambre galvanizado C 12 | L221: Kg | M221: 1 | P221: =+O221*N221*M221 -> 0
P222: =+O222*N222*M222 -> 0
K223: Barrera viva triple con vetiver, limoncillo, lirio y afines | L223: M | P223: =+O223*N223*M223 -> 0
K224: Plántula (vetiver, limoncillo, lirio y afines), altura promedio 0.25 m | L224: Un | M224: 15 | N224: 4 | O224: =+'PRESUPUESTO ESTUFA'!E40 -> 12 | P224: =+O224*N224*M224 -> 720
K225: Fertilizante | L225: Kg | M225: 0.012 | N225: 0.5 | P225: =+O225*N225*M225 -> 0
...

Sheet MEMORIAS DE CALCULO ESTUFAS 
B2: MEMORIAS DE CALCULO
B4: FECHA | C4: DD | D4: 10 | E4: MM | F4: 10 | G4: AA | H4: 2024 | J4: ACTA N° | K4: ='[6]1_PUENTE LA ESPERANZA'!L5 -> 1 | M4: ELABORO
B6: OBJETO DEL CONTRATO | E6: IMPLEMENTACIÓN DE ACCIONES DE CONSERVACIÓN, PRODUCCCIÓN SOSTENIBLE Y CONSUMO RESPONSABLE EN AREAS DE INTERES AMBIENTAL DEL D.M.I GUASIMO EN EL MUNICIPIO DE LA VIRGINIA
B7: SUPERVISOR | I7: NIT O C.C. | M7: CONTRATO N°
B8: CONTRATANTE | E8: MUNICIPIO DE LA VIRGINIA | I8: NIT O C.C.
B9: CAPÍTULO | E9: ITEM | F9: DESCRIPCION
B10: =+'PRESUPUESTO ESTUFA'!B34 -> E | E10: =+'PRESUPUESTO ESTUFA'!B35 -> E.1.1 | F10: =+'PRESUPUESTO ESTUFA'!C35 -> Poda y Desmonte | K10: UND | M10: =+'PRESUPUESTO ESTUFA'!D35 -> UND | O10: UBICACIÓN | P10: ZONA RURAL
K11: Descripción | L11: Dimensiones | O11: No Elem. | P11: Medida Total
L12: Ancho | M12: Alto | N12: Long
K13: =+F10 -> Poda y Desmonte | N13: 1000 | O13: 1 | P13: =N13*O13 -> 1000
B26: OBSERVACIONES: | D26: Detalle: se requiere la poda, desmonte de plantas y ramificaciones presentes en el camino obstruyendo el paso y otras que sobresalen en en el mismo, lo cual genera riesgo al paso de turistas y peronal que realiza acciones en la zona. | K26: ACUMULADO EN ITEM | L26: =P26 -> 1000 | M26: TOTAL | P26: =SUM(P13:P25) -> 1000
B37: PREACTA DE OBRA
B39: FECHA | C39: DD | D39: ='[6]1_PUENTE LA ESPERANZA'!E57 -> 0 | E39: MM | F39: ='[6]1_PUENTE LA ESPERANZA'!G57 -> Limpieza y protección con aceite de linaza mas trementina proporción 2:1 elementos estructurales (guaduas y Mangles), inc cambio de piezas averidadas. Guadua sumistrada por el Jardin botanico | G39: AA | H39: ='[6]1_PUENTE LA ESPERANZA'!I57 -> 0 | J39: ACTA N° | K39: ='[6]1_PUENTE LA ESPERANZA'!L57 -> 0 | M39: ELABORO | N39: =N4 -> 0
B41: OBJETO DEL CONTRATO | E41: =E6 -> IMPLEMENTACIÓN DE ACCIONES DE CONSERVACIÓN, PRODUCCCIÓN SOSTENIBLE Y CONSUMO RESPONSABLE EN AREAS DE INTERES AMBIENTAL DEL D.M.I GUASIMO EN EL MUNICIPIO DE LA VIRGINIA
B42: SUPERVISOR | E42: =E7 -> 0 | I42: NIT O C.C. | K42: =K7 -> 0 | M42: CONTRATO N° | O42: =O7 -> 0
B43: CONTRATANTE | E43: =E8 -> MUNICIPIO DE LA VIRGINIA | I43: NIT O C.C. | K43: =K8 -> 0
B44: CAPÍTULO | E44: ITEM | F44: DESCRIPCION
B45: =+'PRESUPUESTO ESTUFA'!B34 -> E | E45: =+'PRESUPUESTO ESTUFA'!B36 -> E.1.2 | F45: =+'PRESUPUESTO ESTUFA'!C36 -> Recuperacion de caminos | K45: UND | M45: =+'PRESUPUESTO ESTUFA'!D36 -> ML | O45: UBICACIÓN | P45: ZONA RURAL
K46: Descripción | L46: Dimensiones | O46: No Elem. | P46: Medida Total
L47: Ancho | M47: Alto | N47: Long
K48: Recuperacion de caminos tramo No 1. | N48: =40*0.5 -> 20 | O48: 1 | P48: =+N48*O48 -> 20 | U48: 95.16
K49: Recuperacion de caminos tramo No 2. | N49: =7*0.5 -> 3.5 | O49: 1 | P49: =+N49*O49 -> 3.5 | U49: =L71 -> 163.5
K50: Recuperacion de caminos tramo No 3. | N50: =50*0.5 -> 25 | O50: 1 | P50: =+N50*O50 -> 25 | U50: =U48-U49 -> -68.34
K51: Recuperacion de caminos tramo No 4. | N51: 61 | O51: 1 | P51: =+N51*O51 -> 61
K52: Recuperacion de caminos tramo No 5. | N52: 23 | O52: 1 | P52: =+N52*O52 -> 23
K53: Recuperacion de caminos tramo No 6. | N53: 6 | O53: 1 | P53: =+N53*O53 -> 6
K54: Recuperacion de caminos tramo No 7. | N54: 25 | O54: 1 | P54: =+N54*O54 -> 25
B71: OBSERVACION | D71: Detalle: a lo largo del trayecto de los senderos existen varios tramos que generan dificultad al paso de turistas y personal, debido a que la madera que conforman los pasos de huella y contrahuella estan deteriorado a no existen lo cual ocasiona la perdida del material (tierra) que a su vez se forma una gran pendiente que se evidencia el alto riesgo al paso por esos caminos. | K71: ACUMULADO EN ITEM | L71: =P71 -> 163.5 | M71: TOTAL | P71: =SUM(P48:P70) -> 163.5
B82: MEMORIAS DE CALCULO
B84: FECHA | C84: DD | D84: 10 | E84: MM | F84: 10 | G84: AA | H84: 2024 | J84: ACTA N° | M84: ELABORO
B86: OBJETO DEL CONTRATO | E86: IMPLEMENTACIÓN DE ACCIONES DE CONSERVACIÓN, PRODUCCCIÓN SOSTENIBLE Y CONSUMO RESPONSABLE EN AREAS DE INTERES AMBIENTAL DEL D.M.I GUASIMO EN EL MUNICIPIO DE LA VIRGINIA
B87: SUPERVISOR | I87: NIT O C.C. | M87: CONTRATO N°
B88: CONTRATANTE | E88: MUNICIPIO DE LA VIRGINIA | I88: NIT O C.C.
B89: CAPÍTULO | E89: ITEM | F89: DESCRIPCION
B90: =+'PRESUPUESTO ESTUFA'!B34 -> E | E90: =+'PRESUPUESTO ESTUFA'!B37 -> E.1.3 | F90: =+'PRESUPUESTO ESTUFA'!C37 -> Suministro e instalacion de pasamanos en madera | K90: UND | M90: =+'PRESUPUESTO ESTUFA'!D37 -> ML | O90: UBICACIÓN | P90: ZONA RURAL
K91: Descripción | L91: Dimensiones | O91: No Elem. | P91: Medida Total
L92: Ancho | M92: Alto | N92: Long
K93: Suministro e instalacion de pasamanos en madera tramo No 1 | P93: =N93*O93 -> 0
K94: Suministro e instalacion de pasamanos en madera tramo No 2 | N94: 42 | O94: 1 | P94: =N94*O94 -> 42
K95: Suministro e instalacion de pasamanos en madera tramo No 3 | N95: 35 | O95: 1 | P95: =N95*O95 -> 35
K96: Suministro e instalacion de pasamanos en madera tramo No 4 | N96: 20 | O96: 1 | P96: =N96*O96 -> 20
K97: Suministro e instalacion de pasamanos en madera tramo No 5 | N97: 13 | O97: 1 | P97: =N97*O97 -> 13
K98: Suministro e instalacion de pasamanos en madera tramo No 6 | N98: 18 | O98: 1 | P98: =N98*O98 -> 18
K99: Suministro e instalacion de pasamanos en madera tramo No 7 | N99: 34 | O99: 1 | P99: =N99*O99 -> 34
K100: Suministro e instalacion de pasamanos en madera tramo No 8 | N100: 20 | O100: 1 | P100: =N100*O100 -> 20
K101: Suministro e instalacion de pasamanos en madera tramo No 9 | N101: 35 | O101: 1 | P101: =N101*O101 -> 35
K102: Suministro e instalacion de pasamanos en madera tramo No 10 | N102: 10 | O102: 1 | P102: =N102*O102 -> 10
K103: Suministro e instalacion de pasamanos en madera tramo No 11 | N103: 25 | O103: 1 | P103: =N103*O103 -> 25
K104: Suministro e instalacion de pasamanos en madera tramo No 12 | N104: 50
B116: OBSERVACIONES: | D116: Detalle: Existen zonas donde el paso es demasido angosto y debido a sus altas pendientes hay abismos que genera mucho riesgo de accidente al paso de las personas y turistas, teniendo en cuenta que hay unas personas mas vunerables que otras. | K116: ACUMULADO EN ITEM | L116: =P116 -> 252 | M116: TOTAL | P116: =SUM(P93:P115) -> 252
B124: PREACTA DE OBRA
B126: FECHA | C126: DD | D126: ='[6]1_PUENTE LA ESPERANZA'!E103 -> 0 | E126: MM | G126: AA | H126: ='[6]1_PUENTE LA ESPERANZA'!I103 -> 0 | J126: ACTA N° | K126: ='[6]1_PUENTE LA ESPERANZA'!L103 -> 0 | M126: ELABORO | N126: =N4 -> 0
B128: OBJETO DEL CONTRATO | E128: =E6 -> IMPLEMENTACIÓN DE ACCIONES DE CONSERVACIÓN, PRODUCCCIÓN SOSTENIBLE Y CONSUMO RESPONSABLE EN AREAS DE INTERES AMBIENTAL DEL D.M.I GUASIMO EN EL MUNICIPIO DE LA VIRGINIA
B129: SUPERVISOR | E129: =E7 -> 0 | I129: NIT O C.C. | K129: =K7 -> 0 | M129: CONTRATO N° | O129: =O7 -> 0
B130: CONTRATANTE | E130: =E8 -> MUNICIPIO DE LA VIRGINIA | I130: NIT O C.C. | K130: =K8 -> 0
B131: CAPÍTULO | E131: ITEM | F131: DESCRIPCION
B132: =+'PRESUPUESTO ESTUFA'!B34 -> E | E132: =+'PRESUPUESTO ESTUFA'!B39 -> E.1.5 | F132: =+'PRESUPUESTO ESTUFA'!C39 -> Trinchos doble en guadua h libre = 1,00 m | K132: UND | M132: ='[6]ACTA PARCIAL 1'!E43 -> M3 | O132: UBICACIÓN | P132: ZONA RURAL
K133: Descripción | L133: Dimensiones | O133: No Elem. | P133: Medida Total
L134: Ancho | M134: Alto | N134: Long
K135: =+F132 -> Trinchos doble en guadua h libre = 1,00 m | N135: 4 | O135: 1 | P135: =+N135*O135 -> 4
N136: 6 | O136: 1 | P136: =+N136*O136 -> 6
N137: 2 | O137: 1 | P137: =+N137*O137 -> 2
B158: OBSERVACION | D158: Detalle: Según lo analizado debido a la angosto algunas zonas de los senderos se hace necesario construir trinchos en areas donde se genera mayor riesgo al paso de personas, asi mismo se debe hacer el lleno con material transportado para garantizar el ancho minimo. | K158: ACUMULADO EN ITEM | L158: =P158 -> 12 | M158: TOTAL | P158: =SUM(P135:P157) -> 12
B169: PREACTA DE OBRA
B171: FECHA | C171: DD | E171: MM | G171: AA | J171: ACTA N° | M171: ELABORO | N171: =N49 -> 3.5
B173: OBJETO DEL CONTRATO | E173: =E51 -> 0
B174: SUPERVISOR | E174: =E52 -> 0 | I174: NIT O C.C. | M174: CONTRATO N°
B175: CONTRATANTE | E175: =E53 -> 0 | I175: NIT O C.C. | K175: debido
B176: CAPÍTULO | E176: ITEM | F176: DESCRIPCION
B177: =+'PRESUPUESTO ESTUFA'!B43 -> F | E177: =+'PRESUPUESTO ESTUFA'!B44 -> F.1.1 | F177: =+'PRESUPUESTO ESTUFA'!C44 -> Transporte materiales a la vereda el aguacate en JEEP, incluye cargue y descargue | K177: UND | M177: =+'PRESUPUESTO ESTUFA'!D44 -> Viaje/Ton | O177: UBICACIÓN | P177: ZONA RURAL
K178: Descripción | L178: Dimensiones | O178: No Elem. | P178: Medida Total
L179: Ancho | M179: Alto | N179: Peso Kg
K180: =+F177 -> Transporte materiales a la vereda el aguacate en JEEP, incluye cargue y descargue
K181: Construccion de estufas | P181: =+N181*O181 -> 0
K182: Ladrillo semirefractario | N182: 2.5 | O182: =70*'PRESUPUESTO ESTUFA'!E12 -> 3500 | P182: =+N182*O182 -> 8750
K183: Ladrillo macizo 10-20-40 | N183: 12 | O183: =10*'PRESUPUESTO ESTUFA'!E12 -> 500 | P183: =+N183*O183 -> 6000
K184: Ladrillo farol | N184: 4 | O184: =35*'PRESUPUESTO ESTUFA'!E12 -> 1750 | P184: =+N184*O184 -> 7000
K185: Arena | N185: 250 | O185: =+'PRESUPUESTO ESTUFA'!E12 -> 50 | P185: =+N185*O185 -> 12500
K186: Herrajes y accesorios | N186: 65 | O186: =+'PRESUPUESTO ESTUFA'!E13 -> 50 | P186: =+N186*O186 -> 3250
K187: Tableta vitrificada + pegante y emboquillados | N187: 12.5 | O187: =+'PRESUPUESTO ESTUFA'!E12 -> 50 | P187: =+N187*O187 -> 625
P188: =+N188*O188 -> 0
K189: Tabla para formaleta de 1" x 10" x 2,9 m | L189: M | M189: 1 | N189: 5 | O189: =+'PRESUPUESTO ESTUFA'!E12 -> 50 | P189: =+N189*O189 -> 250
K190: Varillón de sajo 3 x 3 | L190: M | M190: 2 | N190: 0.5 | O190: =+'PRESUPUESTO ESTUFA'!E13 -> 50 | P190: =+N190*O190 -> 25
K191: Puntilla (Promedio) | L191: Lb | M191: 0.03 | O191: =+'PRESUPUESTO ESTUFA'!E13 -> 50 | P191: =+N191*O191 -> 0
K192: Antisol blanco | L192: Kg | M192: 0.2 | N192: 0.2 | O192: =+'PRESUPUESTO ESTUFA'!E13 -> 50 | P192: =+N192*O192 -> 10
K193: ACPM | L193: Gl | M193: 0.05 | N193: 0.05 | O193: =+'PRESUPUESTO ESTUFA'!E16 -> 50 | P193: =+N193*O193 -> 2.5
K194: Concreto de 20,7 Mpa (Producción) | L194: M3 | M194: 0.08 | N194: =+M194*1000 -> 80 | O194: =+'PRESUPUESTO ESTUFA'!E17 -> 50 | P194: =+N194*O194 -> 4000
P195: =+N195*O195 -> 0
K196: =+'PRESUPUESTO ESTUFA'!C34 -> MEJORAMIENTO DE SENDEROS | P196: =+N196*O196 -> 0
K197: Recuperacion de caminos | L197: M | O197: =+'PRESUPUESTO ESTUFA'!E16*'MEMORIAS DE CALCULO ESTUFAS '!M197 -> 0 | P197: =+O197*N197*M197 -> 0
K198: Poste de madera pino patula inmunizado | L198: ML | M198: 2.4 | N198: 15 | O198: =+'PRESUPUESTO ESTUFA'!E36 -> 106 | P198: =+O198*N198*M198 -> 3816
K199: Horizontal media madera pino patula inmunizado | L199: ML | M199: 1.6 | N199: =+M199*100/N198 -> 10.666667 | O199: =+'PRESUPUESTO ESTUFA'!E36 -> 106 | P199: =+O199*N199*M199 -> 1809.0667
K200: Tornillos de anclaje inoxidable + tuercas y arandelas | L200: Kit | M200: 1 | N200: 0.15 | O200: =+'PRESUPUESTO ESTUFA'!E36 -> 106 | P200: =+O200*N200*M200 -> 15.9
O201: =+'PRESUPUESTO ESTUFA'!E15*'MEMORIAS DE CALCULO ESTUFAS '!M201 -> 0 | P201: =+O201*N201*M201 -> 0
K202: Cerramiento - Pasamanos en poste de madera tres horizontales de proteccion inc excavacion | L202: M | P202: =+O202*N202*M202 -> 0
K203: Poste de madera pino patula inmunizado | L203: Un | M203: 3 | N203: 16 | O203: =+'PRESUPUESTO ESTUFA'!E37 -> 98 | P203: =+O203*N203*M203 -> 4704
K204: Horizontal media madera pino patula inmunizado | L204: Un | M204: 3 | N204: 8 | O204: =+'PRESUPUESTO ESTUFA'!E37 -> 98 | P204: =+O204*N204*M204 -> 2352
K205: Tornillos de anclaje inoxidable + tuercas y arandelas | L205: Kit | M205: 1 | N205: 0.2 | O205: =+'PRESUPUESTO ESTUFA'!E37 -> 98 | P205: =+O205*N205*M205 -> 19.6
P206: =+O206*N206*M206 -> 0
P207: =+O207*N207*M207 -> 0
...

Sheet ESTUDIO DE MERCADO
B1: HUERTO LEÑERO
A3: COTIZACION N°1- | B3: VALOR UNITARIO | C3: COTIZACION N°2 | D3: VALOR UNITARIO | E3: COTIZACION N°3 | F3: VALOR UNITARIO
A4: Suministro de Material Vegetal incluye transporte, cargue y descargue | B4: 4850 | C4: Suministro de Material Vegetal | D4: 5650 | E4: Suministro de Material Vegetal | F4: =+(B4+D4)/2 -> 5250
A5: Elementos Menores | B5: 24900 | C5: Elementos Menores | D5: 10900 | E5: Elementos Menores | F5: =+(B5+D5)/2 -> 17900
A6: Elementos Mayores | B6: 29900 | C6: Elementos Mayores | D6: 29900 | E6: Elementos Mayores | F6: =+(B6+D6)/2 -> 29900
A7: =+[7]APUS!A51 -> Inseticida control hormiga | B7: 98990 | C7: Elementos Mayores | D7: 132500 | E7: Elementos Mayores | F7: =+(B7+D7)/2 -> 115745
B8: ESTUFAS ECO EFICIENTE MOVIL
A10: COTIZACION N°1 | B10: VALOR UNITARIO | C10: COTIZACION N°2 | D10: VALOR UNITARIO | E10: COTIZACION N°3 | F10: VALOR UNITARIO
A11: Estufa eco eficiente movil | B11: 1900000 | C11: Estufa eco eficiente movil | D11: 2000000 | E11: Estufa eco eficiente movil | F11: =+(B11+D11)/2 -> 1950000
B13: COTIZACION FERTILIZANTE ORGANICO

Sheet ESPECIFICACIONES TECNICAS

Sheet FACTOR PRESTACIONAL 
A2: ANÁLISIS MANO DE OBRA
A3: Salario Mínimo Mensual Legal Vigente año 2023 | B3: 1300000
A4: Subsidio de Transporte (salario <= 2 SMMLV) | B4: 162000
A6: FACTOR PRESTACIONAL
A7: DESCRIPCIÓN | B7: SALARIO <= 2 SMMLV | C7: SALARIO > 2 SMMLV | D7: SALARIO <= 2 SMMLV
B8: PERSONAL TÉCNICO, OPERATIVO Riesgo Clase V | C8: PERSONAL TÉCNICO, OPERATIVO Riesgo Clase V | D8: PERSONAL TÉCNICO, OPERATIVO Riesgo Clase II
A9: PRESTACIONES SOCIALES
A10: Cesantías | B10: 0.0833 | C10: 0.0833 | D10: 0.0833
A11: Intereses cesantías | B11: 0.01 | C11: 0.01 | D11: 0.01
A12: Vacaciones | B12: 0.0472 | C12: 0.0472 | D12: 0.0472
A13: Prima | B13: 0.0833 | C13: 0.0833 | D13: 0.0833
A14: Dotación | B14: 0.08 | C14: 0.06 | D14: 0.06
A15: SEGURIDAD SOCIAL
A16: Aportes régimen general de pensiones (I.V.M.) | B16: 0.12 | C16: 0.12 | D16: 0.12
A17: Aporte riesgos profesionales A.R.L. | B17: 0.0696 | C17: 0.0696 | D17: 0.01
A18: Aportes régimen contributivo de salud | B18: 0.085 | C18: 0.085 | D18: 0.085
A19: Certificado trabajo seguro en alturas | B19: 0.01 | C19: 0.01 | D19: 0.01
A20: OTROS APORTES
A21: Aportes FIC | B21: 0.025 | C21: 0.025 | D21: 0.025
A22: I.C.B.F. | B22: 0.03 | C22: 0.03 | D22: 0.03
A23: Comfamiliar | B23: 0.04 | C23: 0.04 | D23: 0.04
A24: Subsidio de transporte | B24: =B4/B3 -> 0.12461538
A25: Días festivos (18 al año) | B25: 0.05 | C25: 0.05 | D25: 0.05
A26: Exámenes médicos de ingreso y egreso | B26: 0.01 | C26: 0.01 | D26: 0.01
B27: =SUM(B9:B26) -> 0.86801538 | C27: =SUM(C9:C26) -> 0.7234 | D27: =SUM(D9:D26) -> 0.6638

Sheet AU OBRA 
B6: A N A L I S I S D E L A U
B8: PROYECTO: | C8: IMPLEMENTACIÓN DE ACCIONES DE CONSERVACIÓN, PRODUCCCIÓN SOSTENIBLE Y CONSUMO RESPONSABLE EN AREAS DE INTERES AMBIENTAL DEL D.M.I GUASIMO EN EL MUNICIPIO DE LA VIRGINIA
D10: COSTO DIRECTO | I10: {='PRESUPUESTO ESTUFA'!G8:G8} -> 0 | J10: 0
D11: COSTO TOTAL (antes de interventoría) | I11: =+'CADENA DE VALOR'!B7 -> 2.6362128e+08
B13: ADMINISTRACION ( A ) >> | F13: =+D17+D30+D35+D44+D53 -> 1.490626e+08 | G13: =+G57 -> 30.268771 | H13: >>
B15: DESCRIPCIÓN | D15: UNIDAD | E15: CANT. | F15: DEDICACIÓN/MES | G15: MESES | H15: VALOR UNITARIO | I15: VALOR TOTAL
F16: PORCENTAJE
B17: PERSONAL (incluye prestaciones) | D17: =SUM(I18:K27) -> 61187292 | E17: =+D17*100/'PRESUPUESTO ESTUFA'!G52 -> 14.00185
B18: Director (a) de Obra | D18: mes | E18: 1 | F18: 1 | G18: 4 | H18: 3800000 | I18: =+(H18+H19)*G18 -> 25289760
B19: FACTOR PRESTACIONAL | E19: =+'FACTOR PRESTACIONAL '!D27 -> 0.6638 | H19: =+H18*E19 -> 2522440
B20: Tecnologo en obras Civiles | D20: mes | E20: 1 | F20: 1 | G20: 4 | H20: 2400000 | I20: =+(H20+H21)*G20 -> 16544640
B21: FACTOR PRESTACIONAL | E21: =+'FACTOR PRESTACIONAL '!C27 -> 0.7234 | H21: =+H20*E21 -> 1736160
B22: Almacenista | D22: mes | E22: 1 | F22: 1 | G22: 4 | H22: 1500000 | I22: =+(H22+H23)*G22 -> 11208092
B23: FACTOR PRESTACIONAL | E23: =+'FACTOR PRESTACIONAL '!B27 -> 0.86801538 | H23: =+H22*E23 -> 1302023.1
B24: Contador | D24: mes | E24: 1 | F24: 0.2 | G24: 4 | H24: 3200000 | I24: =+((H24+H25)*G24)*F24 -> 4259328
B25: FACTOR PRESTACIONAL | E25: =+'FACTOR PRESTACIONAL '!D27 -> 0.6638 | H25: =+H24*E25 -> 2124160
B26: Secretaria | D26: mes | E26: 1 | F26: 0.4 | G26: 4 | H26: 1300000 | I26: =+((H26+H27)*G26)*F26 -> 3885472
B27: FACTOR PRESTACIONAL | E27: =+'FACTOR PRESTACIONAL '!B27 -> 0.86801538 | H27: =+H26*E27 -> 1128420 | I27: 0
B28: VALOR TOTAL PERSONAL ADMINISTRATIVO Y OPERATIVO | I28: =SUM(I18:I27) -> 61187292
B30: COSTOS DE LEGALIZACION | D30: =SUM(I31:I34) -> 8739886.6 | E30: =+D30*100/'PRESUPUESTO ESTUFA'!G52 -> 2
B31: Polizas | E31: 1 | G31: 0.02 | H31: =+'PRESUPUESTO ESTUFA'!G52 -> 4.3699433e+08 | I31: =G31*H31 -> 8739886.6
I32: =G32*H32 -> 0
I33: =G33*H33 -> 0
I34: =G34*H34 -> 0
B35: VARIOS | D35: =SUM(I36:K43) -> 9687815.5 | E35: =+D35*100/'PRESUPUESTO ESTUFA'!G52 -> 2.2169202
B36: Arriendos | D36: mes | E36: 1 | G36: 4 | H36: 850000 | I36: =G36*H36 -> 3400000
B37: Comunicaciones | D37: mes | E37: 1 | G37: 4 | H37: 150000 | I37: =G37*H37 -> 600000
B38: Gastos de oficina y papelería | D38: mes | E38: 1 | G38: 4 | H38: 450000 | I38: =G38*H38 -> 1800000
B39: Gastos bancarios (diferentes al cuatro por mil) | D39: mes | E39: 1 | G39: 1 | H39: 1887815.5 | I39: =G39*H39 -> 1887815.5
B40: Polizas | I40: =G40*H40 -> 0
B41: Muebles y enseres | D41: mes | E41: 1 | G41: 4 | H41: 250000 | I41: =G41*H41 -> 1000000
I42: =G42*H42 -> 0
B43: Valla | D43: m2 | E43: 4 | G43: 1 | H43: 250000 | I43: =+H43*E43 -> 1000000
B44: DEDUCC. - IMP. | D44: =SUM(I45:I50) -> 52439320 | E44: =+D44*100/'PRESUPUESTO ESTUFA'!G52 -> 12
B45: Estampilla Pro-Adulto Mayor | E45: 1 | G45: 0.04 | H45: =+'PRESUPUESTO ESTUFA'!G52 -> 4.3699433e+08 | I45: =ROUND(H45*G45,0) -> 17479773
B46: Estampilla Pro- Cultura | E46: 1 | G46: 0.01 | H46: =H45 -> 4.3699433e+08 | I46: =ROUND(H46*G46,0) -> 4369943
B47: Estampilla de la justicia | E47: 1 | G47: 0.02 | H47: =H46 -> 4.3699433e+08 | I47: =ROUND(H47*G47,0) -> 8739887
B48: Impuesto de seguridad | E48: 1 | G48: 0.05 | H48: =H47 -> 4.3699433e+08 | I48: =ROUND(H48*G48,0) -> 21849717
B49: Impuesto a la renta | E49: 1 | G49: 0 | H49: =H45 -> 4.3699433e+08 | I49: =ROUND(H49*G49,0) -> 0
B50: Industria y comercio | E50: 1 | G50: 0.01 | H50: =+I10 -> 0 | I50: =ROUND(H50*G50,0) -> 0
B51: ADMINISTRACION ( A )
B53: UTILIDAD ( U ) | D53: 17008282 | G53: 0.05
B57: PORCENTAJE TOTAL DE AU | G57: =+G53+E44+E35+E30+E17 -> 30.268771

Sheet A U - INTERVENTORIA
B6: A N A L I S I S D E L A U
B8: PROYECTO: | C8: IMPLEMENTACIÓN DE ACCIONES DE CONSERVACIÓN, PRODUCCCIÓN SOSTENIBLE Y CONSUMO RESPONSABLE EN AREAS DE INTERES AMBIENTAL DEL D.M.I GUASIMO EN EL MUNICIPIO DE LA VIRGINIA
D10: COSTO DIRECTO | I10: {='PRESUPUESTO ESTUFA'!G8:G8} -> 0 | J10: 0
D11: COSTO TOTAL (antes de interventoría) | I11: =+'PRESUPUESTO ESTUFA'!G53 -> 34959547
B15: DESCRIPCIÓN | D15: UNIDAD | E15: CANT. | F15: DEDICACIÓN/MES | G15: MESES | H15: VALOR UNITARIO | I15: VALOR TOTAL
F16: PORCENTAJE
B17: PERSONAL (incluye prestaciones) | D17: =SUM(I18:K27) -> 31612200 | E17: =+D17*100/'PRESUPUESTO ESTUFA'!G52 -> 7.2340069
B18: Director (a) de Interventor | D18: mes | E18: 1 | F18: 1 | G18: 5 | H18: 3800000 | I18: =+(H18+H19)*G18 -> 31612200
B19: FACTOR PRESTACIONAL | E19: =+'FACTOR PRESTACIONAL '!D27 -> 0.6638 | H19: =+H18*E19 -> 2522440
B20: Tecnologo en obras Civiles | D20: mes | E20: 1 | F20: 1 | G20: 4 | H20: 2400000 | I20: 0
B21: FACTOR PRESTACIONAL | E21: =+'FACTOR PRESTACIONAL '!C27 -> 0.7234 | H21: =+H20*E21 -> 1736160
B28: VALOR TOTAL PERSONAL ADMINISTRATIVO Y OPERATIVO | I28: =SUM(I18:I27) -> 31612200
B30: COSTOS DE LEGALIZACION | D30: =SUM(I31:I34) -> 699190.93 | E30: =+D30*100/'PRESUPUESTO ESTUFA'!G52 -> 0.16
B31: Polizas | E31: 1 | G31: 0.02 | H31: =+I11 -> 34959547 | I31: =G31*H31 -> 699190.93
I32: =G32*H32 -> 0
I33: =G33*H33 -> 0
I34: =G34*H34 -> 0
B35: VARIOS | D35: =SUM(I36:K43) -> 2779838.2 | E35: =+D35*100/'PRESUPUESTO ESTUFA'!G52 -> 0.63612683
B36: Arriendos | D36: mes | E36: 1 | G36: 4 | H36: 300000 | I36: =G36*H36 -> 1200000
B37: Comunicaciones | D37: mes | E37: 1 | G37: 4 | H37: 125000 | I37: =G37*H37 -> 500000
B38: Gastos de oficina y papelería | D38: mes | E38: 1 | G38: 4 | H38: 160000 | I38: =G38*H38 -> 640000
B39: Gastos bancarios (diferentes al cuatro por mil) | D39: mes | E39: 1 | G39: 1 | H39: =+I11*0.004 -> 139838.19 | I39: =G39*H39 -> 139838.19
B40: Polizas | I40: =G40*H40 -> 0
B41: Muebles y enseres | D41: mes | E41: 1 | G41: 4 | H41: 75000 | I41: =G41*H41 -> 300000
I42: =G42*H42 -> 0
B44: DEDUCC. - IMP. | D44: =SUM(I45:I49) -> 2447168 | E44: =+D44*100/'PRESUPUESTO ESTUFA'!G52 -> 0.55999994
B45: Estampilla Pro-Adulto Mayor | E45: 1 | G45: 0.04 | H45: =+'PRESUPUESTO ESTUFA'!G53 -> 34959547 | I45: =ROUND(H45*G45,0) -> 1398382
B46: Estampilla Pro- Cultura | E46: 1 | G46: 0.01 | H46: =H45 -> 34959547 | I46: =ROUND(H46*G46,0) -> 349595
B47: Estampilla de la justicia | E47: 1 | G47: 0.02 | H47: =H46 -> 34959547 | I47: =ROUND(H47*G47,0) -> 699191
B48: Impuesto a la renta | E48: 1 | G48: 0 | H48: =H45 -> 34959547 | I48: =ROUND(H48*G48,0) -> 0
B49: Industria y comercio | E49: 1 | G49: 0.01 | H49: =+I10 -> 0 | I49: =ROUND(H49*G49,0) -> 0
I50: =SUM(I28:I49) -> 37538397
B56: PORCENTAJE TOTAL DE AU | G56: =+G52+E44+E35+E30+E17 -> 8.5901337

Sheet Anexo FM
B1: CALCULO DEL FACTOR MULTIPLICADOR
A3: 1 | B3: HONORARIOS MENSUAL BASICO | C3: =+ROUND((100%),2) -> 1
A4: 2 | B4: PRESTACIONES SOCIALES
A5: 2.1 | B5: Prima mensual | C5: 0.085
A6: 2.2 | B6: Cesantía mensual | C6: 0.0833
A7: 2.3 | B7: Intereses de cesantías | C7: 0.01
A8: 2.4 | B8: Salud | C8: 0.08
A9: 2.5 | B9: Pensión | C9: 0.116
A10: 2.6 | B10: SENA | C10: =2% -> 0.02
A11: 2.7 | B11: ICBF | C11: =3% -> 0.03
A12: 2.8 | B12: Vacaciones | C12: 0.0417
A13: 2.9 | B13: Dotación | C13: 0.04
B16: SUBTOTAL 2 - PRESTACIONES SOCIALES | C16: =ROUND((SUM(C5:C15)),3) -> 0.506
A17: 3 | B17: COSTOS INDIRECTOS
B18: GASTOS LEGALES Y DE ADMINISTRACION
A19: 3.1 | B19: Gastos directos no reembolsables | C19: 0.01
A20: 3.2 | B20: Arriendos oficinas | C20: 0.01
A21: 3.3 | B21: Servcios públicos | C21: 0.01
A22: 3.4 | B22: Mantenimiento y operación de oficinas | C22: 0.01
A23: 3.5 | B23: Utiles y papelería | C23: 0.01
A24: 3.6 | B24: Gastos legales y bancarios | C24: 0.01
A25: 3.7 | B25: Gastos de tranporte y vehículos | C25: 0.01
A26: 3.8 | B26: Sistematización y Administración | C26: 0.01
A27: 3.9 | B27: Salarios y Prestaciones no reembolsables | C27: 0.01
A28: 3.10 | B28: Personal administrativo | C28: 0.01
A29: 3.11 | B29: Preparación de propuesta | C29: 0.01
B32: SUBTOTAL 3 - COSTOS INDIRECTOS | C32: =ROUND((SUM(C19:C31)),3) -> 0.11
A33: 4 | B33: CARGO POR HONORARIOS | C33: 0.03
B34: SUBTOTAL 4 - HONORARIOS | C34: =ROUND((SUM(C33)),3) -> 0.03
A36: 5 | B36: FACTOR MULTIPLICADOR = ( 1 + 2 + 3 + 4 ) / 100 | C36: =ROUND((C3+C16+C32+C34),2) -> 1.65
B38: CALCULO DEL FACTOR MULTIPLICADOR
